 Dungeon Crawl Stone Soup version 0.24-a0-3-g5a199981cb (webtiles) character file.

Game seed: 12677350382542079263

24001414 Yermak the Talismancer (level 27, 306/306 HPs)
             Began as a Deep Dwarf Monk on Jan 30, 2019.
             Was the Champion of Makhleb.
             Escaped with the Orb
             ... and 15 runes!
             The game lasted 04:22:58 (62768 turns).

Yermak the Talismancer (Deep Dwarf Monk)           Turns: 62768, Time: 04:22:59

Health: 306/306    AC: 54    Str: 25    XL:     27
Magic:  19/19      EV: 34    Int: 15    God:    Makhleb [******]
Gold:   4849       SH: 41    Dex: 15    Spells: 32/32 levels left

rFire    + + .     SeeInvis +   b - +9 broad axe (vamp)
rCold    + + +     Gourm    .   q - +10 large shield of Ignorance {rN+ Int-4}
rNeg     + + +     Faith    .   e - +11 gold dragon scales
rPois    +         Spirit   .   G - +1 helmet of Reth {+Fly rN+ SInv}
rElec    +         Reflect  .   C - +0 cloak {rC+}
rCorr    .         Harm     .   t - +2 pair of gloves {Str+3}
MR       ++++.     Rnd*Rage +   s - +2 pair of boots {Fly} Stlth ..........Rnd*Tele +
                                w - amulet of the Air {Inacc +Fly rElec EV+5 RMsl}
HPRegen  0.00/turn              x - ring of Phasing {EV+8, =R}
MPRegen  0.16/turn              f - ring "Loryly" {rF+ rN+ Int+2 SInv}

@: flying, non-regenerating, repel missiles
A: damage resistance, heal wounds, claws 1, large bone plates 1, rugged brown
scales 1, thin metallic scales 1, berserk 1, blurry vision 2, clever 1, cold
resistance 1, deterioration 2, negative energy resistance 1, sense surroundings
3, electricity resistance, teleportitis 1, weak 1, no regeneration
0: Orb of Zot
}: 15/15 runes: serpentine, barnacled, slimy, silver, golden, iron, obsidian,
icy, bone, abyssal, demonic, glowing, magical, fiery, dark
a: Heal Wounds, Minor Destruction, Lesser Servant of Makhleb, Major Destruction,
Greater Servant of Makhleb, Renounce Religion, Stop Flying


You escaped.
You worshipped Makhleb.
Makhleb was exalted by your worship.
You were full.

You visited 17 branches of the dungeon, and saw 89 of its levels.
You visited Pandemonium 2 times, and saw 31 of its levels.
You visited the Abyss 1 time.
You visited 4 bazaars.
You also visited: Gauntlet and Ice Cave.

You collected 12620 gold pieces.
You spent 7771 gold pieces at shops.

Inventory:

Hand Weapons
 a - a +9 broad axe of electrocution
 b - a +9 vampiric broad axe (weapon)
Missiles
 Z - 3 throwing nets (quivered)
Armour
 e - +11 gold dragon scales (worn)
 k - the +2 pair of boots of the Jabberwock {rElec}
   (You found it on level 3 of the Vaults)

   It insulates you from electricity.
 q - the +10 large shield of Ignorance (worn) {rN+ Int-4}
   (You found it on level 6 of the Lair of Beasts)

   It affects your intelligence (-4).
   It protects you from negative energy.
 s - a +2 pair of boots of flying (worn)
 t - a +2 pair of gloves of strength (worn)
 C - a +0 cloak of cold resistance (worn)
 G - the +1 helmet of Reth (worn) {+Fly rN+ SInv}
   (You found it on level 5 of the Vaults)

   It protects you from negative energy.
   It lets you see invisible.
   It lets you fly.
Jewellery
 f - the ring "Loryly" (right hand) {rF+ rN+ Int+2 SInv}
   (You took it off a guardian mummy on level 3 of the Crypt)

   [ring of positive energy]

   It affects your intelligence (+2).
   It protects you from fire.
   It protects you from negative energy.
   It lets you see invisible.
 m - the ring of Isedek {MR+ Int+4}
   (You found it in an ice cave)

   [ring of protection from magic]

   It affects your intelligence (+4).
   It affects your resistance to hostile enchantments.
 o - the ring "Raguol" {rPois rN+ Str+5 Int+4}
   (You found it in a Gauntlet)

   [ring of positive energy]

   It affects your strength (+5).
   It affects your intelligence (+4).
   It protects you from poison.
   It protects you from negative energy.
 w - the amulet of the Air (around neck) {Inacc +Fly rElec EV+5 RMsl}
   (You found it on level 7 of the Dungeon)

   [amulet of inaccuracy]

   It reduces the accuracy of all your attacks.
   It affects your evasion (+5).
   It insulates you from electricity.
   It lets you fly.
   It protects you from missiles.
 x - the ring of Phasing (left hand) {EV+8, =R}
   (You found it on level 6 of the Lair of Beasts)

   [ring of evasion]

   It affects your evasion (+8).
Wands
 A - a wand of acid (10)
 D - a wand of digging (1)
 E - a wand of enslavement (24)
 I - a wand of iceblast (54)
 S - a wand of scattershot (14)
Scrolls
 v - 2 scrolls of immolation
 B - 7 scrolls of blinking
 M - 3 scrolls of magic mapping
 N - 26 scrolls of remove curse
 O - 5 scrolls of fog
 R - 10 scrolls of identify
 T - 19 scrolls of teleportation
 V - a scroll of summoning
Potions
 d - 5 potions of magic
 g - 2 potions of berserk rage
 j - a potion of might
 l - 10 potions of flight
 p - 14 potions of heal wounds
 r - 2 potions of cancellation
 u - 7 potions of lignification
 F - 6 potions of invisibility
 H - 2 potions of haste
 J - 3 potions of agility
 K - 8 potions of resistance
 Q - 23 potions of curing
Miscellaneous
 i - a figurine of a ziggurat
 n - a phantom mirror
 y - a lightning rod (4/4)
 P - the horn of Geryon
 U - 5 boxes of beasts
 W - 4 sacks of spiders
 X - a phial of floods
 Y - a lamp of fire
Comestibles
 z - 59 rations


   Skills:
 O Level 27 Fighting
 O Level 27 Axes
 O Level 27 Armour
 O Level 27 Dodging
 - Level 2.4 Stealth
 O Level 27 Shields
 + Level 3.2 Spellcasting
 - Level 17.4 Invocations
 O Level 27 Evocations


You had 32 spell levels left.
You didn't know any spells.
Your spell library contained the following spells:

 Spells                   Type           Power        Failure   Level  Hunger
 Animate Skeleton         Necr           N/A          80%         1    #......
 Apportation              Tloc           #.....       80%         1    #......
 Beastly Appendage        Tmut           #.....       80%         1    #......
 Confusing Touch          Hex            #.....       80%         1    #......
 Corona                   Hex            #......      80%         1    #......
 Flame Tongue             Conj/Fire      #....        80%         1    #......
 Freeze                   Ice            #...         80%         1    #......
 Infusion                 Chrm           #...         80%         1    #......
 Magic Dart               Conj           #...         80%         1    #......
 Pain                     Necr           #...         80%         1    #......
 Sandblast                Erth           #.....       80%         1    #......
 Shock                    Conj/Air       #...         80%         1    #......
 Sting                    Conj/Pois      #...         80%         1    #......
 Summon Butterflies       Summ           #.......     80%         1    #......
 Summon Small Mammal      Summ           #...         80%         1    #......
 Blink                    Tloc           N/A          91%         2    ##.....
 Call Imp                 Summ           #.......     91%         2    ##.....
 Corpse Rot               Necr           N/A          91%         2    ##.....
 Ensorcelled Hibernation  Hex/Ice        #.....       91%         2    ##.....
 Passwall                 Tmut/Erth      #.......     91%         2    ##.....
 Poisonous Vapours        Pois/Air       #.....       91%         2    ##.....
 Searing Ray              Conj           #.....       91%         2    ##.....
 Shroud of Golubria       Chrm/Tloc      #.........   91%         2    ##.....
 Slow                     Hex            #.......     91%         2    ##.....
 Song of Slaying          Chrm           #.......     91%         2    ##.....
 Sticks to Snakes         Tmut           #.......     91%         2    ##.....
 Sublimation of Blood     Necr           #.........   91%         2    ##.....
 Swiftness                Chrm/Air       #.......     91%         2    ##.....
 Throw Flame              Conj/Fire      #.....       91%         2    ##.....
 Throw Frost              Conj/Ice       #.....       91%         2    ##.....
 Confuse                  Hex            #.......     99%         3    ###....
 Conjure Flame            Conj/Fire      #.......     99%         3    ###....
 Dazzling Spray           Conj/Hex       #.....       99%         3    ###....
 Gell's Gravitas          Tloc           #.........   99%         3    ###....
 Ignite Poison            Fire/Tmut/Pois #.......     99%         3    ###....
 Inner Flame              Hex/Fire       #.......     99%         3    ###....
 Lesser Beckoning         Tloc           #.........   99%         3    ###....
 Mephitic Cloud           Conj/Pois/Air  #.......     99%         3    ###....
 Ozocubu's Armour         Chrm/Ice       #.......     99%         3    ###....
 Portal Projectile        Hex/Tloc       #.....       99%         3    ###....
 Recall                   Summ/Tloc      N/A          99%         3    ###....
 Spectral Weapon          Hex/Chrm       #.......     99%         3    ###....
 Spider Form              Tmut/Pois      #.........   99%         3    ###....
 Static Discharge         Conj/Air       #.......     99%         3    ###....
 Stone Arrow              Conj/Erth      #.....       99%         3    ###....
 Teleport Other           Tloc           #.......     99%         3    ###....
 Tukima's Dance           Hex            #.......     99%         3    ###....
 Vampiric Draining        Necr           #.........   99%         3    ###....
 Animate Dead             Necr           N/A          100%        4    #####..
 Cause Fear               Hex            #.........   100%        4    #####..
 Force Lance              Conj/Tloc      #.......     100%        4    #####..
 Fulminant Prism          Conj/Hex       #.........   100%        4    #####..
 Ice Form                 Ice/Tmut       #.......     100%        4    #####..
 Leda's Liquefaction      Hex/Erth       #.........   100%        4    #####..
 Olgreb's Toxic Radiance  Pois           #.......     100%        4    #####..
 Petrify                  Tmut/Erth      #.......     100%        4    #####..
 Sticky Flame             Conj/Fire      #.......     100%        4    #####..
 Summon Ice Beast         Ice/Summ       #.......     100%        4    #####..
 Summon Lightning Spire   Summ/Air       #.......     100%        4    #####..
 Throw Icicle             Conj/Ice       #.......     100%        4    #####..
 Agony                    Necr           #.......     100%        5    ######.
 Alistair's Intoxication  Tmut/Pois      #.......     100%        5    ######.
 Aura of Abjuration       Summ           #.........   100%        5    ######.
 Blade Hands              Tmut           #.........   100%        5    ######.
 Bolt of Draining         Conj/Necr      #.........   100%        5    ######.
 Bolt of Magma            Conj/Fire/Erth #.........   100%        5    ######.
 Dispel Undead            Necr           #.......     100%        5    ######.
 Excruciating Wounds      Chrm/Necr      #.........   100%        5    ######.
 Fireball                 Conj/Fire      #.........   100%        5    ######.
 Irradiate                Conj/Tmut      #.........   100%        5    ######.
 Iskenderun's Battlesphe  Conj/Chrm      #.......     100%        5    ######.
 Lee's Rapid Deconstruct  Erth           #.........   100%        5    ######.
 Lightning Bolt           Conj/Air       #.........   100%        5    ######.
 Metabolic Englaciation   Hex/Ice        #.........   100%        5    ######.
 Silence                  Hex/Air        #.........   100%        5    ######.
 Summon Demon             Summ           #.........   100%        5    ######.
 Summon Forest            Summ/Tloc      #.........   100%        5    ######.
 Summon Mana Viper        Hex/Summ       #.......     100%        5    ######.
 Venom Bolt               Conj/Pois      #.........   100%        5    ######.
 Yara's Violent Unravell  Hex/Tmut       #.........   100%        5    ######.
 Bolt of Cold             Conj/Ice       #.........   100%        6    #######
 Conjure Ball Lightning   Conj/Air       #.........   100%        6    #######
 Deflect Missiles         Chrm/Air       #.........   100%        6    #######
 Dispersal                Tloc           #.........   100%        6    #######
 Freezing Cloud           Conj/Ice/Air   #.........   100%        6    #######
 Hydra Form               Tmut           #.........   100%        6    #######
 Invisibility             Hex            #.......     100%        6    #######
 Iron Shot                Conj/Erth      #.........   100%        6    #######
 Poison Arrow             Conj/Pois      #.........   100%        6    #######
 Shadow Creatures         Summ           N/A          100%        6    #######
 Simulacrum               Ice/Necr       #.........   100%        6    #######
 Statue Form              Tmut/Erth      #........    100%        6    #######
 Dragon Form              Tmut           #.........   100%        7    #######
 Haunt                    Necr/Summ      #.........   100%        7    #######
 Malign Gateway           Summ/Tloc      #.........   100%        7    #######
 Monstrous Menagerie      Summ           #.........   100%        7    #######
 Orb of Destruction       Conj           #.........   100%        7    #######
 Ring of Flames           Chrm/Fire      #.........   100%        7    #######
 Spellforged Servitor     Conj/Summ      #.........   100%        7    #######
 Summon Greater Demon     Summ           #.........   100%        7    #######
 Summon Hydra             Summ           #.........   100%        7    #######
 Chain Lightning          Conj/Air       #.........   100%        8    #######
 Controlled Blink         Tloc           N/A          100%        8    #######
 Discord                  Hex            #.........   100%        8    #######
 Disjunction              Tloc           #.........   100%        8    #######
 Ignition                 Fire           #.........   100%        8    #######
 Lehudib's Crystal Spear  Conj/Erth      #.........   100%        8    #######
 Summon Horrible Things   Summ           #.........   100%        8    #######
 Fire Storm               Conj/Fire      #.........   100%        9    #######
 Glaciate                 Conj/Ice       #.........   100%        9    #######
 Shatter                  Erth           #.........   100%        9    #######
 Tornado                  Air            #.........   100%        9    #######
 Regeneration             Chrm/Necr      Unusable     N/A         3    N/A
 Passage of Golubria      Tloc           Unusable     N/A         4    N/A

Dungeon Overview and Level Annotations

Branches:
Dungeon (15/15)            Temple (0/1) D:7            Lair (6/6) D:11
 Shoals (4/4) Lair:3        Snake (4/4) Lair:4        Slime (5/5) Lair:6
    Orc (2/2) D:11            Elf (3/3) Orc:2        Vaults (5/5) D:13
  Crypt (3/3) Vaults:3       Tomb (3/3) Crypt:3      Depths (5/5) D:15
   Hell (1/1)                 Dis (7/7) Hell            Geh (7/7) Hell
    Coc (7/7) Hell            Tar (7/7) Hell            Zot (5/5) Depths:5

Altars:
Cheibriados
Elyvilon
Gozag
Kikubaaqudgha
Makhleb
Nemelex Xobeh
Okawaru
Ru
Trog
Uskayaw
Xom
The Shining One
Jiyva

Shops:
D:10 %   D:15 (   Orc:1 =   Orc:2 [:=[   Elf:1 *(=!([   Elf:2 (   Shoals:4 *
Snake:2 [

Portals:
Hell: Depths:2 Depths:3 Depths:5
Pandemonium: Depths:3

Annotations:
Vaults:3 rf hie
Dis:7 9 runed doors
Coc:7 exclusion: ice statue


Innate Abilities, Weirdness & Mutations

You are resistant to damage.
You can heal yourself by infusing magical energy.
You resist negative energy. (rN+)
You passively map a large area around you.
You do not regenerate.
You have sharp fingernails.
You are partially covered in large bone plates. (SH +4)
You are partially covered in rugged brown scales. (AC +1, +3% HP)
You are partially covered in thin metallic scales. (AC +2)
You tend to lose your temper in combat.
Scrolls take you longer to read.
Your mind is acute. (Int +2)
Your flesh is cold resistant. (rC+)
Your body often deteriorates upon taking damage.
You are resistant to electric shocks. (rElec)
You are occasionally teleported next to monsters.
You are weak. (Str -2)


Message History

You block the Orb Guardian's attack.
There is a stone staircase leading up here.
Unknown command.
You slash the Orb Guardian!
The Orb Guardian is moderately wounded.
You block the Orb Guardian's attack.
You completely miss the Orb Guardian.
The Orb Guardian is moderately wounded.
You block the Orb Guardian's attack.
You miss the Orb Guardian.
The Orb Guardian is moderately wounded.
You block the Orb Guardian's attack.
You closely miss the Orb Guardian.
The Orb Guardian is moderately wounded.
You block the Orb Guardian's attack.
You slice the Orb Guardian like a ripe choko!!!
The Orb Guardian is almost dead.
You block the Orb Guardian's attack.
You closely miss the Orb Guardian.
The Orb Guardian is almost dead.
You block the Orb Guardian's attack.
You miss the Orb Guardian.
The Orb Guardian is almost dead.
You block the Orb Guardian's attack.
You hit the Orb Guardian.
The Orb Guardian is almost dead.
You block the Orb Guardian's attack.
You miss the Orb Guardian.
The Orb Guardian is almost dead.
The Orb Guardian closely misses you.
You slice the Orb Guardian!!
You kill the Orb Guardian!
Makhleb accepts your kill.
Your Spellcasting skill increases to level 3!
You fly upwards.
There is a stone staircase leading down here.
(D) Dungeon (T) Temple (L) Lair (A) Shoals (P) Snake Pit (M) Slime Pits (O) Orcish Mines (E) Elven Halls (V) Vaults (C) Crypt (W) Tomb (U) Depths (H) Hell (I) Dis (G) Gehenna (X) Cocytus (Y) Tartarus (Z) Zot
Where to? (Enter - D:1 @ (x,y), ? - help)
Things that are here:
3 stones; a +0 short sword
There is a stone staircase leading up here.
You fly upwards.
There is a stone staircase leading down here.
There is a staircase leading out of the dungeon here.
Unknown command.
You have escaped!

.## #(.# #.##.# #.#.#. .# ##.##
#.##.# #####.#.#. .# #..####
#.##.######.....#... .# ##(...#
#.##........####.... .#
##.##.###.###########....(.. .#
#.........####.....§...#.... .#
#...≈≈≈≈...##...≈§§§§..##... .#
#..≈≈≈≈≈≈......≈≈≈≈§≈..##.#. .#
##.≈≈≈≈≈≈..@>..≈≈≈≈§≈..##.## .#
#.≈≈≈≈≈≈......§§§§§≈.###.#
.######..≈≈≈≈..####.§≈§≈§..# #.#
..............## ##§§.....# #(#
.##....#.#..#.# #.§####.###.#
....#.###.....## ##...........#
.......#.......####.....##.#####
###.###...####..........##....#
#.# ##..# #.####.....#####.#


There were no monsters in sight!

Vanquished Creatures
  Cerebov (Pan)
  Antaeus (Coc:7)
  Asmodeus (Geh:7)
  Gloorx Vloq (Pan)
  the Royal Jelly (Slime:5)
  Ereshkigal (Tar:7)
  Mnoleg (Pan)
  Lom Lobon (Pan)
  the Serpent of Hell (Coc:7)
  6 orbs of fire
  4 ancient liches
  35 greater mummies
  7 Killer Klowns
  11 pandemonium lords
  4 shard shrikes (Coc:7)
  Saint Roka (Snake:3)
  Xtahua (Vaults:5)
  3 curse toes
  Vashnia (Snake:2)
  Geryon (Hell)
  9 golden dragons
  Jory (Tomb:3)
  2 bone dragons
  11 Brimstone Fiends
  3 electric golems
  3 hellephants
  18 tentacled monstrosities
  9 Tzitzimimeh
  4 doom hounds
  2 iron giants (Dis:3)
  11 Ice Fiends
  9 Hell Sentinels
  27 Orb Guardians
  9 titans
  2 deep elf master archers (Elf:3)
  A tentacled starspawn (Abyss:3)
  18 ancient champions
  11 liches
  2 deep elf blademasters (Elf:3)
  24 Executioners
  21 acid blobs
  5 quicksilver dragons
  8 death cobs
  A kraken (Shoals:2)
  Frances (Snake:2)
  9 tengu reavers
  21 storm dragons
  13 sphinxes
  15 shadow dragons
  4 draconian monks
  Kirke (D:13)
  5 azure jellies (Slime:5)
  Donald (Orc:2)
  Ilsuiw (Shoals:3)
  14 frost giants
  3 revenants
  A daeva (Abyss:1)
  The ghost of Lapheat the Severer, a journeyman HOAK of Lugonu (D:15)
  29 large abominations
  6 nagarajas
  3 iron dragons (Dis:7)
  14 fire giants
  An emperor scorpion (Zot:5)
  9 cacodemons
  An orc warlord (Vaults:4)
  2 ghost moths
  5 black suns (Pan)
  6 draconian scorchers
  6 draconian knights
  21 vault wardens
  2 curse skulls (Pan)
  9 draconian shifters
  6 draconian stormcallers
  A deep elf elementalist (Elf:3)
  35 balrugs
  8 deep elf sorcerers
  8 warmongers (Pan)
  4 war gargoyles
  2 ghouls (Crypt:3)
  17 very ugly things
  34 reapers
  9 vampire knights
  14 ironheart preservers
  An elemental wellspring (Coc:7)
  5 blood saints (Pan)
  7 bennus
  10 draconian annihilators
  17 stone giants
  12 green draconians
  2 entropy weavers
  5 corrupters (Pan)
  8 black draconians
  23 white draconians
  12 red draconians
  11 purple draconians
  8 deep elf demonologists
  12 lorocyprocas
  The ghost of Raghazun the Unseen, a journeyman NaEn of Dithmenos (Lair:4)
  15 yellow draconians
  14 deep elf annihilators
  7 spark wasps
  8 merfolk javelineers
  Azrael (Orc:2)
  9 dire elephants
  28 blizzard demons
  9 deep elf death magi
  A crystal guardian (Vaults:2)
  21 green deaths
  16 ettins
  Josephine (Lair:5)
  5 eidola
  26 mummy priests
  5 death oozes
  9 fire dragons
  2 jiangshi (Crypt:1)
  12 merfolk impalers
  A quicksilver dragon zombie (Geh:7)
  3 deep elf high priests
  12 ogre magi
  21 yaktaur captains
  33 vault guards
  5 hydras
  14 ice dragons
  A kraken zombie (Coc:7)
  6 rakshasas
  A ghost crab (Tar:5)
  5 hell beasts
  13 great orbs of eyes
  5 merfolk avatars
  An anaconda (shapeshifter) (Vaults:5)
  2 catoblepae
  4 spriggan air magi
  A quicksilver dragon skeleton (Geh:7)
  9 centaur warriors
  2 death knights
  A merfolk aquamancer (Shoals:1)
  19 naga warriors
  6 monstrous demonspawn (Pan)
  4 satyrs
  7 anacondas
  2 deep troll shamans
  4 tengu warriors
  40 dancing weapons
  5 death yaks (Lair:3)
  7 vampire magi
  56 death scarabs
  3 titan zombies
  30 two-headed ogres
  23 hell hogs
  4 deep troll earth magi
  4 orc high priests (Orc:2)
  A thrashing horror (Depths:3)
  A spriggan berserker (Depths:3)
  3 wretched stars
  19 naga sharpshooters
  12 shock serpents
  4 iron golems (Dis:7)
  2 titan skeletons
  52 sun demons
  47 hell knights
  57 soul eaters
  A storm dragon zombie (Tar:4)
  16 deep elf knights
  An iron troll (shapeshifter) (Vaults:5)
  3 iron trolls
  28 shadow wraiths
  3 salamander mystics
  10 sixfirhies
  22 deep trolls
  12 small abominations
  4 storm dragon skeletons
  A swamp dragon (shapeshifter) (Elf:2)
  30 sea snakes
  A ghost moth zombie (Tomb:1)
  2 spatial maelstroms
  2 quicksilver dragon simulacra (Depths:5)
  8 infernal demonspawn
  60 skeletal warriors
  2 anaconda zombies
  8 torturous demonspawn
  A spark wasp zombie (Crypt:3)
  5 unseen horrors
  6 wizards
  A kraken simulacrum (Coc:7)
  12 gelid demonspawn (Pan)
  12 flayed ghosts
  14 starcursed masses
  2 shadow dragon zombies
  11 shadow demons
  6 anaconda skeletons
  16 deep elf archers
  4 glowing orange brains
  A lindwurm (shapeshifter) (Depths:4)
  7 naga ritualists
  11 phantasmal warriors
  38 harpies
  21 orc knights
  2 golden dragon skeletons
  An iron giant skeleton (Crypt:2)
  7 wolf spiders
  16 ironbrand convokers
  A shadow dragon skeleton (Geh:7)
  5 mana vipers
  A wolf spider (shapeshifter) (Depths:5)
  6 orc sorcerers
  51 ugly things
  4 fire giant zombies
  15 necromancers
  A frost giant zombie (Crypt:3)
  78 deep elf magi
  3 iron dragon zombies
  21 fauns
  7 cyclopes
  2 wolf spider zombies
  A manticore (shapeshifter) (Vaults:4)
  6 stone giant zombies
  A worldbinder (Abyss:1)
  8 salamanders
  15 manticores
  A shining eye (Slime:5)
  A glowing shapeshifter (Depths:5)
  A frost giant skeleton (Tomb:1)
  5 merfolk sirens
  2 ice statues
  2 fire giant skeletons
  4 iron dragon skeletons
  2 shock serpent zombies
  A dire elephant zombie (Coc:7)
  14 rust devils
  14 moths of wrath
  3 centaur zombies
  13 guardian serpents
  2 stone giant skeletons
  30 elephants
  5 water nymphs
  3 gargoyles
  25 naga magi
  6 molten gargoyles
  4 torpor snails (Lair:3)
  13 black mambas
  An eye of devastation (Slime:5)
  13 vault sentinels
  10 orange demons
  50 hellions
  26 smoke demons
  5 titan simulacra
  7 storm dragon simulacra
  A shock serpent skeleton (Tar:7)
  13 spiny frogs
  2 emperor scorpion zombies
  55 yaktaurs
  3 rime drakes
  2 yellow draconian zombies
  11 demonic crawlers
  3 kobold demonologists (D:15)
  7 anaconda simulacra
  15 komodo dragons
  2 golden dragon simulacra (IceCv)
  26 ice devils
  29 tormentors
  A rime drake (shapeshifter) (Vaults:5)
  A redback zombie (D:15)
  30 freezing wraiths
  26 merfolk
  96 guardian mummies
  3 meliai (shapeshifter)
  11 hellwings (Pan)
  34 red devils
  2 trolls (shapeshifter) (Vaults:3)
  3 ancient zymes
  4 efreet
  An entropy weaver simulacrum (Vaults:2)
  A tengu conjurer (D:15)
  4 harpy zombies
  11 hydra zombies
  6 trolls
  A polar bear (Lair:5)
  A queen bee (shapeshifter) (Vaults:5)
  A queen bee (D:11)
  Prince Ribbit (Lair:2)
  22 wind drakes
  4 ice dragon zombies
  2 wolf spider simulacra
  3 jumping spiders (shapeshifter)
  2 wind drakes (shapeshifter)
  7 hornets
  11 raiju
  2 alligator zombies
  3 harpy skeletons
  12 hippogriffs
  69 slime creatures
  3 blink frogs (Lair:2)
  6 bog bodies
  A hippogriff (shapeshifter) (Vaults:2)
  10 dream sheep
  A slime creature (shapeshifter) (Elf:1)
  5 ettin zombies
  4 hydra skeletons
  A fire giant simulacrum (Crypt:3)
  17 snapping turtles
  2 alligator skeletons
  4 centaur simulacra
  4 ettin skeletons
  4 air elementals
  A black mamba zombie (Dis:7)
  Sigmund (D:4)
  53 flying skulls
  4 wyverns
  23 ynoxinuls
  4 redbacks
  22 water elementals
  24 wraiths
  Eustachio (D:4)
  12 shadows
  2 fire dragon skeletons
  34 yaks
  5 ice dragon skeletons
  4 vampires
  2 black mamba skeletons
  4 dire elephant simulacra
  16 ushabtiu
  27 fire elementals
  A human (shapeshifter) (D:13)
  A hog (shapeshifter) (Depths:3)
  3 basilisks
  12 fire bats
  11 neqoxecs
  2 golden eyes (Slime:2)
  23 chaos spawn
  2 steam dragons
  2 harpy simulacra (IceCv)
  2 wargs (shapeshifter)
  A human simulacrum (Vaults:2)
  3 hungry ghosts
  A vampire mosquito (D:13)
  A death yak simulacrum (IceCv)
  2 iron troll simulacra (IceCv)
  4 wargs
  3 acid dragons
  66 nagas
  A soldier ant (D:13)
  47 hell hounds
  4 spatial vortices
  4 spiny frog zombies
  11 water moccasins
  2 porcupines
  A deep troll skeleton (Crypt:2)
  4 hydra simulacra
  5 ice beasts
  50 orc warriors
  A swamp dragon zombie (Tomb:2)
  An ice dragon simulacrum (Gauntlet)
  2 black bears
  5 ettin simulacra
  4 sky beasts
  4 spiny frog skeletons
  6 eyes of draining
  10 phantoms
  11 necrophages
  A snapping turtle zombie (Geh:5)
  A boggart (shapeshifter) (Vaults:5)
  36 ogres
  2 manticore skeletons (Coc:2)
  6 wolves (Lair:3)
  5 boggarts (Vaults:1)
  17 crocodiles
  A rime drake zombie (Crypt:1)
  A snapping turtle skeleton (Geh:4)
  14 centaurs
  A hippogriff zombie (Crypt:3)
  4 big kobolds
  An octopode zombie (Crypt:3)
  A salamander zombie (Crypt:1)
  17 bullfrogs
  3 earth elementals
  A wyvern zombie (Crypt:3)
  A glowing shapeshifter simulacrum (Vaults:2)
  A human skeleton (Vaults:2)
  A spiny frog simulacrum (Coc:2)
  6 scorpions
  A raiju zombie (Crypt:1)
  24 killer bees
  An elf simulacrum (Vaults:2)
  32 wights
  4 howler monkeys
  A spriggan skeleton (Tar:4)
  2 electric eels (D:14)
  12 crimson imps
  A draconian simulacrum (IceCv)
  4 jellies
  A quasit (D:10)
  A wolf skeleton (Crypt:1)
  3 bullfrog skeletons
  7 centaur skeletons
  4 hounds
  19 orc priests
  40 orc wizards
  An iguana (D:10)
  13 iron imps
  10 hell rats (Hell)
  A worker ant (shapeshifter) (Vaults:5)
  Ijyb (D:4)
  A spriggan simulacrum (IceCv)
  5 troll simulacra (IceCv)
  13 worker ants
  A hound zombie (D:8)
  A hound skeleton (D:3)
  A howler monkey zombie (Crypt:3)
  63 mummies
  2 worker ant zombies
  11 gnolls
  15 adders
  3 naga simulacra (IceCv)
  2 ogre simulacra (IceCv)
  9 shadow imps
  13 white imps
  7 ufetubi
  2 oozes
  An iguana skeleton (Crypt:3)
  4 adder skeletons
  2 adder zombies
  2 worms
  3 ball lightnings (Pan)
  A dart slug (D:1)
  6 leopard geckos
  115 orcs
  4 giant cockroaches
  7 goblins
  9 hobgoblins
  18 jackals
  32 kobolds
  8 quokkas
  2 ball pythons (D:4)
  6 bats
  2 frilled lizards (D:2)
  A giant cockroach zombie (D:5)
  A goblin skeleton (Crypt:1)
  A hobgoblin zombie (Crypt:1)
  A jackal skeleton (D:6)
  A kobold zombie (Crypt:3)
  A leopard gecko skeleton (D:4)
  A quokka zombie (D:5)
  8 rats
  4 blocks of ice (Pan)
  A crawling corpse (Vaults:5)
  3 fungi
  19 plants
  2 starspawn tentacles (Abyss:3)
  6 tentacles
4291 creatures vanquished.

Vanquished Creatures (collateral kills)
  Dispater (Dis:7)
  A pandemonium lord (Pan)
  Mennas (Vaults:5)
  A Brimstone Fiend (Pan)
  2 Ice Fiends (Coc:7)
  2 Hell Sentinels (Dis:7)
  An Executioner (Pan)
  2 acid blobs (Slime:5)
  An azure jelly (Slime:5)
  3 cacodemons
  A reaper (Dis:7)
  A bennu (Tomb:2)
  A minotaur (Gauntlet)
  2 blizzard demons
  A death ooze (Slime:5)
  A satyr (Shoals:4)
  A sixfirhy (Pan)
  A torturous demonspawn (Pan)
  A manticore (Shoals:3)
  3 shining eyes
  A merfolk siren (Shoals:3)
  A titan simulacrum (Coc:7)
  A stone giant skeleton (Geh:7)
  3 orange demons (Pan)
  A hellion (Pan)
  A red devil (Pan)
  7 slime creatures
  An ettin skeleton (Coc:7)
  3 neqoxecs (Pan)
  A naga (Snake:2)
  2 large abominations (Pan)
  An eye of draining (Slime:2)
  A sky beast (D:11)
  A killer bee (D:11)
53 creatures vanquished.

Vanquished Creatures (others)
  A golden dragon (Zot:5)
  A tentacled monstrosity (Zot:5)
  A lich (Depths:4)
  5 eldritch tentacles
  A sphinx (Depths:3)
  A storm dragon (Pan)
  2 fire giants
  An elemental wellspring (Coc:7)
  A blood saint (Pan)
  A black sun (Pan)
  A lorocyproca (Pan)
  A deep elf annihilator (Pan)
  A red draconian (Zot:1)
  A green death (Pan)
  An ettin (Depths:3)
  2 deep troll earth magi (Depths:4)
  A hell hog (Geh:1)
  A soul eater (Pan)
  A deep elf knight (Vaults:2)
  A sun demon (Geh:7)
  4 deep trolls (Depths:4)
  2 wizards (Pan)
  A glowing orange brain (Pan)
  A deep elf mage (Elf:3)
  An ugly thing (Depths:1)
  2 fauns
  A fire giant skeleton (Vaults:2)
  A smoke demon (Pan)
  A vault sentinel (Vaults:4)
  A harpy zombie (Geh:7)
  A merfolk (Shoals:4)
  2 wind drakes (Pan)
  2 black mamba zombies
  2 ynoxinuls (Pan)
  2 flying skulls
  An alligator skeleton (Coc:7)
  2 fire elementals
  A wraith (Depths:5)
  A naga (Snake:3)
  A warg (Vaults:4)
  A spiny frog zombie (Coc:2)
  A large abomination (Pan)
  A necrophage (Geh:2)
  A spiny frog skeleton (Hell)
  An ogre (Vaults:5)
  2 phantoms
  2 iron imps (Dis:7)
  3 hell rats (Hell)
  An orc wizard (Orc:2)
  17 ball lightnings
  3 orcs
  2 blocks of ice (Pan)
  5 fungi
  A lurking horror (Abyss:4)
  14 plants
  17 tentacles
  2 withered plants (Lair:4)
130 creatures vanquished.

Grand Total: 4474 creatures vanquished

Notes
Turn   | Place    | Note
-------+----------+-------------------------------------------
     0 | D:1      | Yermak the Deep Dwarf Monk began the quest for the Orb.
     0 | D:1      | Reached XP level 1. HP: 20/20 MP: 1/1
   144 | D:1      | Reached XP level 2. HP: 18/27 MP: 2/2
   816 | D:2      | Reached XP level 3. HP: 33/33 MP: 2/2
   872 | D:2      | Found a white marble altar of Elyvilon.
  1039 | D:2      | Reached XP level 4. HP: 38/40 MP: 3/3
  1110 | D:2      | Reached skill level 6 in Axes
  1719 | D:3      | Reached XP level 5. HP: 26/46 MP: 4/4
  2318 | D:4      | Reached XP level 6. HP: 43/55 MP: 5/5
  2357 | D:4      | Reached skill level 3 in Fighting
  2368 | D:4      | Found a bloodstained altar of Trog.
  2437 | D:4      | Noticed Ijyb
  2445 | D:4      | Noticed Eustachio
  2448 | D:4      | Reached skill level 1 in Evocations
  2458 | D:4      | Killed Ijyb
  2517 | D:4      | Killed Eustachio
  2517 | D:4      | Reached XP level 7. HP: 19/62 MP: 5/8
  2653 | D:4      | Found a glowing golden altar of the Shining One.
  2691 | D:4      | Noticed Sigmund
  2697 | D:4      | Killed Sigmund
  3021 | D:5      | Entered Level 5 of the Dungeon
  3036 | D:5      | Reached XP level 8. HP: 30/73 MP: 9/9
  3197 | D:5      | Reached skill level 1 in Armour
  3286 | D:5      | Found Haxt's Distillery.
  3294 | D:5      | Bought a potion of lignification for 33 gold pieces
  3294 | D:5      | Bought a potion of agility for 44 gold pieces
  3294 | D:5      | Bought a potion of degeneration for 11 gold pieces
  3482 | D:5      | Bought a potion of curing for 33 gold pieces
  3482 | D:5      | Bought a potion of flight for 33 gold pieces
  3649 | D:6      | Reached skill level 9 in Axes
  3722 | D:6      | Found a sparkling altar of Nemelex Xobeh.
  3722 | D:6      | Found an ancient bone altar of Kikubaaqudgha.
  3722 | D:6      | Found a sacrificial altar of Ru.
  4083 | D:6      | Found a burning altar of Makhleb.
  4090 | D:6      | Became a worshipper of Makhleb the Destroyer
  4090 | D:6      | Reached * piety under Makhleb
  4090 | D:6      | Reached ** piety under Makhleb
  4192 | D:7      | Reached skill level 6 in Fighting
  4341 | D:7      | Noticed a hippogriff
  4354 | D:7      | Killed a hippogriff
  4354 | D:7      | Gained mutation: You passively map the area around you.
                  | [Deep Dwarf growth]
  4354 | D:7      | Reached XP level 9. HP: 46/85 MP: 9/9
  4377 | D:7      | Found the amulet of the Air {Inacc +Fly rElec EV+5 RMsl}
  4384 | D:7      | Noticed a red ugly thing
  4398 | D:7      | Killed a red ugly thing
  4544 | D:7      | Found a staircase to the Ecumenical Temple.
  5106 | D:7      | Found a snail-covered altar of Cheibriados.
  5276 | D:8      | Noticed a +0 hand axe
  5276 | D:8      | Noticed a +0 dagger
  5277 | D:8      | Found a hide-covered altar of Uskayaw.
  5325 | D:8      | Reached XP level 10. HP: 75/98 MP: 9/9
  5520 | D:8      | Reached skill level 3 in Armour
  5666 | D:8      | Reached *** piety under Makhleb
  5704 | D:8      | Reached skill level 12 in Axes
  5940 | D:8      | Found an opulent altar of Gozag.
  5994 | D:8      | Reached skill level 1 in Invocations
  6393 | D:9      | Reached skill level 3 in Invocations
  6489 | D:9      | Reached skill level 1 in Shields
  7021 | D:10     | Entered Level 10 of the Dungeon
  7094 | D:10     | Reached skill level 3 in Shields
  7180 | D:10     | Reached **** piety under Makhleb
  7238 | D:10     | Reached skill level 9 in Fighting
  7671 | D:10     | Found Ostrewa's Food Shoppe.
  8217 | D:11     | Reached XP level 11. HP: 56/106 MP: 8/8
  8302 | D:11     | Got a faintly humming robe
  8418 | D:11     | Found a staircase to the Orcish Mines.
  8516 | D:11     | Found a staircase to the Lair.
  9277 | D:12     | Noticed a two-headed ogre
  9289 | D:12     | Killed a two-headed ogre
  9393 | D:12     | Reached ***** piety under Makhleb
  9400 | D:12     | Noticed a four-headed hydra
  9408 | D:12     | Killed a four-headed hydra
  9946 | D:12     | Noticed a two-headed ogre
  9955 | D:12     | Killed a two-headed ogre
 10470 | D:13     | Found a gate leading to a gauntlet.
 10490 | Gauntlet | Entered a Gauntlet
 10490 | Gauntlet | Found a transporter.
 10499 | Gauntlet | Found a transporter.
 10513 | Gauntlet | Found a runed translucent gate.
 10513 | Gauntlet | Found a runed translucent gate.
 10513 | Gauntlet | Noticed a death scarab
 10515 | Gauntlet | Found a transporter.
 10515 | Gauntlet | Noticed a death scarab
 10519 | Gauntlet | Found a transporter.
 10529 | Gauntlet | Noticed a hell hog
 10539 | Gauntlet | Found a transporter.
 10551 | Gauntlet | Noticed a blizzard demon
 10552 | Gauntlet | Found a transporter.
 10557 | Gauntlet | Found a transporter.
 10561 | Gauntlet | Found a transporter.
 10564 | Gauntlet | Found a runed translucent gate.
 10588 | Gauntlet | Found a transporter.
 10588 | Gauntlet | Noticed a blizzard demon
 10596 | Gauntlet | Found a transporter.
 10596 | Gauntlet | Found a transporter.
 10604 | Gauntlet | Found a transporter.
 10729 | Gauntlet | Got a twisted cloak
 10737 | Gauntlet | Identified the +2 cloak of Telicw {rC+++ rN+ Int+4 Slay-4}
                  | (You found it in a Gauntlet)
 10767 | Gauntlet | Killed a blizzard demon
 10775 | Gauntlet | Got a wavering amber ring
 10781 | Gauntlet | Identified the ring "Raguol" {rPois rN+ Str+5 Int+4} (You
                  | found it in a Gauntlet)
 10820 | Gauntlet | Noticed a minotaur
 10847 | Gauntlet | Killed a minotaur
 10847 | Gauntlet | Reached XP level 12. HP: 79/120 MP: 7/7
 11054 | D:13     | Noticed a two-headed ogre
 11069 | D:13     | Killed a two-headed ogre
 11142 | D:13     | Noticed a centaur warrior
 11152 | D:13     | Killed a centaur warrior
 11248 | D:13     | Noticed Kirke
 11302 | D:13     | Killed Kirke
 11302 | D:13     | Reached skill level 6 in Armour
 11981 | D:13     | Found a gate to the Vaults.
 11981 | D:13     | Noticed a vault guard
 11981 | D:13     | Noticed a vault guard
 11981 | D:13     | Noticed a vault guard
 11981 | D:13     | Noticed a vault guard
 12014 | D:13     | Killed a vault guard
 12015 | D:13     | Killed a vault guard
 12015 | D:13     | Reached skill level 12 in Fighting
 12015 | D:13     | Reached skill level 15 in Axes
 12016 | D:13     | Killed a vault guard
 12017 | D:13     | Killed a vault guard
 12235 | D:14     | Reached XP level 13. HP: 130/130 MP: 8/8
 12394 | D:14     | Reached ****** piety under Makhleb
 12732 | D:14     | Identified a scroll of acquirement
 12830 | Lair:1   | Entered Level 1 of the Lair of Beasts
 13084 | Lair:1   | You fall through a shaft!
 13097 | Lair:2   | Noticed Prince Ribbit
 13288 | Lair:2   | Reached skill level 9 in Armour
 13298 | Lair:2   | Killed Prince Ribbit
 14444 | Lair:3   | Found a snail-covered altar of Cheibriados.
 14561 | Lair:3   | Found a staircase to the Shoals.
 14988 | Lair:4   | Got an ancient hand axe
 15015 | Lair:4   | Identified the +9 hand axe of the Gnat {chop, +Fly rF++}
                  | (You found it on level 4 of the Lair of Beasts)
 15040 | Lair:4   | Found a runed translucent door.
 15080 | Lair:4   | Noticed Raghazun's ghost (journeyman NaEn)
 15220 | Lair:4   | Found a staircase to the Snake Pit.
 15232 | Lair:4   | Gained mutation: You resist negative energy. (rN+) [Deep
                  | Dwarf growth]
 15232 | Lair:4   | Reached XP level 14. HP: 141/141 MP: 9/9
 15768 | Lair:4   | Killed Raghazun's ghost
 16016 | Lair:5   | Noticed Josephine
 16030 | Lair:5   | Killed Josephine
 16667 | Lair:6   | Entered Level 6 of the Lair of Beasts
 16980 | Lair:6   | Found a staircase to the Slime Pits.
 16986 | Lair:6   | Found a viscous altar of Jiyva.
 17099 | Lair:6   | Reached skill level 12 in Armour
 17222 | Lair:6   | Found the +10 large shield of Ignorance {rN+ Int-4}
 17746 | Lair:6   | Found the ring of Phasing {EV+8}
 17767 | Lair:6   | Reached skill level 6 in Shields
 18033 | D:15     | Entered Level 15 of the Dungeon
 18075 | D:15     | Got a warped chain mail
 18235 | D:15     | Identified the +1 buckler "Arghan" {rF- rCorr Str+5} (You
                  | found it on level 15 of the Dungeon)
 18278 | D:15     | Found Jafuthou's Weapon Emporium.
 18412 | D:15     | Reached XP level 15. HP: 151/151 MP: 10/10
 18473 | D:15     | Found a runed translucent gate.
 18473 | D:15     | Found a runed translucent gate.
 18476 | D:15     | Noticed Lapheat's ghost (journeyman HOAK)
 18477 | D:15     | Found a runed translucent gate.
 18477 | D:15     | Noticed a frost giant
 18479 | D:15     | Found an iron altar of Okawaru.
 18560 | D:15     | Killed Lapheat's ghost
 18574 | D:15     | Reached skill level 18 in Axes
 18594 | D:15     | Killed a frost giant
 18632 | D:15     | Reached skill level 9 in Shields
 18638 | D:15     | Identified the +2 pair of boots of Impressiveness {*Corrode
                  | Int+4 Dex+7} (You found it on level 15 of the Dungeon)
 18639 | D:15     | Identified the +0 chain mail of Hoshrac {Int+4} (You found
                  | it on level 15 of the Dungeon)
 18642 | D:15     | Got a warped bardiche
 18729 | D:15     | Found a shimmering altar of Xom.
 18903 | D:15     | Found a staircase to the Depths.
 19363 | Orc:1    | Entered Level 1 of the Orcish Mines
 19493 | Orc:1    | Found Zyh Utargh's Jewellery Shoppe.
 19746 | Orc:2    | Entered Level 2 of the Orcish Mines
 19746 | Orc:2    | Noticed Azrael
 19769 | Orc:2    | Killed Azrael
 19878 | Orc:2    | Found a staircase to the Elven Halls.
 19979 | Orc:2    | Noticed Donald
 20001 | Orc:2    | Killed Donald
 20211 | Orc:2    | Reached skill level 12 in Shields
 20526 | Orc:2    | Found Diakir's Antique Armour Emporium.
 20526 | Orc:2    | Found Suriun's Book Shop.
 20528 | Orc:2    | Found Nidirhas's Jewellery Emporium.
 20528 | Orc:2    | Found Ocacs's Antique Armour Shop.
 20971 | Snake:1  | Entered Level 1 of the Snake Pit
 21083 | Snake:1  | Got a spiked chain mail
 21094 | Snake:1  | Identified the cursed +1 chain mail of Eternity {MP-9
                  | Dex+4} (You found it on level 1 of the Snake Pit)
 21798 | Snake:2  | Noticed Frances
 21801 | Snake:2  | Noticed a nagaraja
 21817 | Snake:2  | Killed Frances
 21817 | Snake:2  | Reached XP level 16. HP: 151/159 MP: 11/11
 21887 | Snake:2  | Found Ededanun's Antique Armour Emporium.
 21952 | Snake:2  | Noticed Vashnia
 21983 | Snake:2  | Killed Vashnia
 22037 | Snake:2  | Identified the Tome of Unstable Black Secrets
 22182 | Snake:3  | Reached skill level 15 in Shields
 22182 | Snake:3  | Noticed Saint Roka
 22227 | Snake:3  | Killed Saint Roka
 23453 | Snake:4  | Entered Level 4 of the Snake Pit
 23522 | Snake:4  | Reached skill level 6 in Dodging
 23523 | Snake:4  | Reached XP level 17. HP: 166/166 MP: 12/12
 24498 | Snake:4  | Reached skill level 9 in Dodging
 24545 | Snake:4  | Got a serpentine rune of Zot
 24773 | Shoals:1 | Entered Level 1 of the Shoals
 24967 | Shoals:1 | Found a runed translucent door.
 25141 | Shoals:1 | Reached skill level 18 in Shields
 25742 | Shoals:2 | Gained mutation: You passively map a large area around you.
                  | [Deep Dwarf growth]
 25742 | Shoals:2 | Reached XP level 18. HP: 175/175 MP: 13/13
 26188 | Shoals:3 | Noticed Ilsuiw
 26206 | Shoals:3 | Killed Ilsuiw
 26222 | Shoals:3 | Reached skill level 6 in Evocations
 26535 | Shoals:3 | Identified the +2 plate armour of the Loofah {*Corrode
                  | rC+++ Str+4}
 26970 | Shoals:4 | Entered Level 4 of the Shoals
 27166 | Shoals:4 | Identified Bamar's Compendium of Igneous Enhancements
 27370 | Shoals:4 | Got a barnacled rune of Zot
 27421 | Shoals:4 | Found Iditeop's Incredible Inventory.
 27531 | Shoals:4 | Got a crude chain mail
 27532 | Shoals:4 | Identified the +6 chain mail of Qoqet {Str+3 Dex+3} (You
                  | found it on level 4 of the Shoals)
 28100 | Snake:2  | Bought a jewelled plate armour for 616 gold pieces
 28100 | Snake:2  | Bought a bloodstained plate armour for 616 gold pieces
 28100 | Snake:2  | Identified the +2 plate armour of Death's Door {rPois Str+2
                  | Int+7 Stlth-} (You bought it in a shop on level 2 of the
                  | Snake Pit)
 28101 | Snake:2  | Identified the +6 plate armour of Hixig {+Blink rCorr
                  | Stlth+} (You bought it in a shop on level 2 of the Snake
                  | Pit)
 28369 | Slime:1  | Entered Level 1 of the Pits of Slime
 28451 | Slime:2  | Reached XP level 19. HP: 182/182 MP: 3/17
 28511 | Slime:3  | Reached skill level 15 in Armour
 28531 | Slime:5  | Entered Level 5 of the Pits of Slime
 28617 | Slime:5  | Found a viscous altar of Jiyva.
 28621 | Slime:5  | Noticed the Royal Jelly
 28758 | Slime:5  | Killed the Royal Jelly
 28886 | Slime:5  | Identified the Volume of Igneous Summoning
 28890 | Slime:5  | Got a slimy rune of Zot
 28894 | Slime:5  | Got a dazzling war axe
 28962 | Slime:5  | Got an ancient plate armour
 28979 | Slime:5  | Identified the +7 war axe of Neurosis {chop, *Slow +Fly
                  | rElec Int+3} (You found it on level 5 of the Pits of Slime)
 28981 | Slime:5  | Identified the +10 plate armour of the Storm King {*Drain
                  | Regen+ Int+7 SInv} (You found it on level 5 of the Pits of
                  | Slime)
 28991 | Slime:5  | Identified the cursed +0 plate armour of the Heavens {rElec
                  | rN++} (You found it on level 5 of the Pits of Slime)
 29066 | Slime:5  | Got a distressingly furry leather armour
 29295 | Snake:2  | Bought an embroidered scarf for 176 gold pieces
 29571 | Vaults:1 | Entered Level 1 of the Vaults
 29715 | Vaults:1 | Identified Xeroq's Guide on Beguiling
 30522 | Vaults:1 | Reached skill level 21 in Shields
 30670 | Vaults:1 | Reached XP level 20. HP: 192/192 MP: 17/17
 31348 | Vaults:2 | Reached skill level 15 in Fighting
 32563 | Vaults:3 | Got a pair of crude boots
 32574 | Vaults:3 | Found a flickering gateway to a bazaar.
 32579 | Bazaar   | Entered a bazaar
 32590 | Bazaar   | Identified the +2 pair of boots of the Jabberwock {rElec}
                  | (You found it on level 3 of the Vaults)
 32594 | Bazaar   | Found Enuenewu's Antique Armour Emporium.
 32605 | Bazaar   | Found Wyceqar's Magic Scroll Shop.
 32613 | Bazaar   | Found Ujeto's Antique Weapon Shop.
 32624 | Bazaar   | Found Riuqotul's Jewellery Emporium.
 32635 | Bazaar   | Found Kecoe's General Store.
 32643 | Bazaar   | Bought a scroll of enchant armour for 90 gold pieces
 32643 | Bazaar   | Bought a scroll of enchant weapon for 90 gold pieces
 32643 | Bazaar   | Bought a potion of mutation for 96 gold pieces
 32643 | Bazaar   | Bought a scroll of immolation for 42 gold pieces
 32668 | Bazaar   | Bought a scroll of enchant armour for 105 gold pieces
 32668 | Bazaar   | Bought 2 scrolls of teleportation for 84 gold pieces
 32668 | Bazaar   | Bought a scroll of blinking for 105 gold pieces
 32668 | Bazaar   | Bought a scroll of identify for 28 gold pieces
 32668 | Bazaar   | Bought a scroll of identify for 28 gold pieces
 33092 | Vaults:3 | Reached skill level 18 in Armour
 33148 | Vaults:3 | Found a staircase to the Crypt.
 33481 | Vaults:3 | Reached XP level 21. HP: 204/204 MP: 18/18
 34763 | Vaults:4 | Found a gateway to a bazaar.
 35338 | Bazaar   | Entered a bazaar
 35338 | Bazaar   | Found Bankan's Food Boutique.
 35338 | Bazaar   | Found Peutan's Jewellery Boutique.
 35338 | Bazaar   | Found Lior's Assorted Antiques.
 35338 | Bazaar   | Found Juaphac's Antique Armour Shop.
 35338 | Bazaar   | Found Xacw's Food Boutique.
 35349 | Bazaar   | Bought a scroll of teleportation for 63 gold pieces
 35366 | Vaults:5 | Entered Level 5 of the Vaults
 35366 | Vaults:5 | Noticed a golden dragon
 35386 | Vaults:5 | Killed a golden dragon
 35392 | Vaults:5 | Reached XP level 22. HP: 216/216 MP: 19/19
 35502 | Vaults:5 | Noticed Mennas
 35630 | Vaults:5 | Killed Mennas
 35672 | Vaults:5 | Noticed an ancient lich
 35689 | Vaults:5 | Noticed Xtahua
 35710 | Vaults:5 | Killed an ancient lich
 35710 | Vaults:5 | Reached skill level 18 in Fighting
 35710 | Vaults:5 | Reached XP level 23. HP: 226/228 MP: 20/20
 35716 | Vaults:5 | Killed Xtahua
 35724 | Vaults:5 | Reached skill level 24 in Shields
 35791 | Vaults:5 | Reached skill level 21 in Armour
 35931 | Vaults:5 | Identified the +1 helmet of Reth {+Fly rN+ SInv} (You found
                  | it on level 5 of the Vaults)
 36046 | Vaults:5 | Got a silver rune of Zot
 36288 | Vaults:5 | Identified the amulet "Ilyzih" {Harm *Corrode *Drain rElec
                  | rC++ rN+}
 36289 | Vaults:5 | Identified the ring "Qyczasol" {+Fly Str+2 Int+2}
 36316 | Vaults:5 | Identified the amulet of Sepy {Inacc rPois rC++ Str+3
                  | Dex-2} (You found it on level 5 of the Vaults)
 37987 | Elf:1    | Entered Level 1 of the Elven Halls
 38134 | Elf:1    | Found Kunuafuc's Weapon Emporium.
 38288 | Elf:1    | Found Muirrane's Antique Armour Shop.
 38324 | Elf:1    | Found Tohovva's Distillery.
 38325 | Elf:1    | Found Soeleap's Jewellery Boutique.
 38325 | Elf:1    | Found Kuonne Nuem's Weapon Shop.
 38328 | Elf:1    | Found Bimamug's General Store.
 38957 | Elf:2    | Found a runed translucent gate.
 38957 | Elf:2    | Found a runed translucent gate.
 38957 | Elf:2    | Found a runed translucent gate.
 39191 | Elf:2    | Found Pocy's Weapon Shop.
 39715 | Elf:3    | Entered Level 3 of the Elven Halls
 39812 | Elf:3    | Found a frozen archway.
 39817 | IceCv    | Entered an ice cave
 39876 | IceCv    | Identified the ring of Isedek {MR+ Int+4} (You found it in
                  | an ice cave)
 40154 | IceCv    | Identified the +2 hat "Riwnaore" {MP+9} (You found it in an
                  | ice cave)
 40391 | Elf:3    | Reached XP level 24. HP: 241/241 MP: 20/20
 40420 | Elf:3    | Identified the Guide on Attacks
 40721 | Elf:3    | Found the +7 Spriggan's Knife {stab, EV+4 Stlth+}
 40725 | Elf:3    | Identified the ring of Qioloudogg {rPois rC+ Str+4} (You
                  | found it on level 3 of the Elven Halls)
 40847 | Elf:3    | Identified Woematy's Collected Works on the Destructive
                  | Compass
 40935 | Elf:3    | Got a scintillating lapis lazuli ring
 40936 | Elf:3    | Identified the ring "Kubyggaidd" {rElec rC+} (You found it
                  | on level 3 of the Elven Halls)
 40960 | Elf:3    | Got a spiked leather armour
 41142 | Elf:1    | Bought a runed helmet for 247 gold pieces
 41186 | Elf:1    | Bought a potion of agility for 56 gold pieces
 41192 | Elf:1    | Bought a potion of mutation for 128 gold pieces
 41192 | Elf:1    | Bought a potion of invisibility for 128 gold pieces
 41192 | Elf:1    | Bought a potion of haste for 160 gold pieces
 41415 | D:5      | Bought a potion of flight for 33 gold pieces
 41415 | D:5      | Bought a potion of curing for 33 gold pieces
 41415 | D:5      | Bought a potion of flight for 33 gold pieces
 41415 | D:5      | Bought a potion of curing for 33 gold pieces
 41415 | D:5      | Bought 2 potions of cancellation for 176 gold pieces
 41737 | Crypt:1  | Entered Level 1 of the Crypt
 41978 | Crypt:3  | Entered Level 3 of the Crypt
 42213 | Crypt:3  | Identified the Incunabulum of Excruciating Augmentations
 42924 | Crypt:3  | Noticed a greater mummy
 42956 | Crypt:3  | Killed a greater mummy
 42983 | Crypt:3  | Identified the ring of Dithmenos's Reproof {+Blink rF- rN+
                  | Int+6} (You found it on level 3 of the Crypt)
 42984 | Crypt:3  | Identified Ita Ider's Collected Works on Stolen Souls
 42988 | Crypt:3  | Identified the ring "Loryly" {rF+ rN+ Int+2 SInv}
 43360 | Crypt:3  | Found a staircase to the Tomb.
 43491 | Tomb:1   | Entered Level 1 of the Tomb of the Ancients
 43767 | Tomb:1   | Reached skill level 24 in Armour
 43841 | Tomb:1   | Reached XP level 25. HP: 250/250 MP: 20/20
 43857 | Tomb:1   | Noticed a greater mummy
 43863 | Tomb:1   | Noticed a greater mummy
 43892 | Tomb:1   | Killed a greater mummy
 43912 | Tomb:1   | Killed a greater mummy
 44016 | Tomb:1   | Noticed a greater mummy
 44053 | Tomb:1   | Killed a greater mummy
 44127 | Tomb:1   | Noticed a greater mummy
 44150 | Tomb:1   | Killed a greater mummy
 44195 | Tomb:1   | Reached skill level 12 in Dodging
 44230 | Tomb:2   | Noticed a greater mummy
 44231 | Tomb:2   | Noticed a greater mummy
 44275 | Tomb:2   | Killed a greater mummy
 44284 | Tomb:2   | Killed a greater mummy
 44292 | Tomb:2   | Noticed a greater mummy
 44292 | Tomb:2   | Noticed a greater mummy
 44322 | Tomb:2   | HP: 10/378 [greater mummy (15)]
 44330 | Tomb:2   | Killed a greater mummy
 44330 | Tomb:2   | Reached skill level 9 in Evocations
 44349 | Tomb:2   | Killed a greater mummy
 44768 | Tomb:1   | Noticed a greater mummy
 44768 | Tomb:1   | Noticed a greater mummy
 44770 | Tomb:1   | Noticed a greater mummy
 44771 | Tomb:1   | Noticed a greater mummy
 44808 | Tomb:1   | Killed a greater mummy
 44808 | Tomb:1   | Reached skill level 12 in Evocations
 44812 | Tomb:1   | Killed a greater mummy
 44833 | Tomb:1   | HP: 12/378 [greater mummy (10)]
 44839 | Tomb:1   | Killed a greater mummy
 44858 | Tomb:1   | Killed a greater mummy
 44886 | Tomb:1   | Noticed a greater mummy
 44911 | Tomb:1   | Killed a greater mummy
 44921 | Tomb:1   | Noticed a greater mummy
 44925 | Tomb:1   | Noticed a greater mummy
 44939 | Tomb:1   | Killed a greater mummy
 44960 | Tomb:1   | Noticed a greater mummy
 44961 | Tomb:1   | Killed a greater mummy
 44961 | Tomb:1   | Reached skill level 15 in Evocations
 44961 | Tomb:1   | Noticed a greater mummy
 44968 | Tomb:1   | Noticed a greater mummy
 44975 | Tomb:1   | HP: 17/378 [greater mummy/divine providence (5)]
 44979 | Tomb:1   | Killed a greater mummy
 44999 | Tomb:1   | Killed a greater mummy
 45013 | Tomb:1   | Killed a greater mummy
 45013 | Tomb:1   | Reached XP level 26. HP: 92/261 MP: 18/18
 45052 | Tomb:1   | Noticed a greater mummy
 45087 | Tomb:1   | Killed a greater mummy
 45128 | Tomb:1   | Noticed a greater mummy
 45143 | Tomb:1   | Noticed a greater mummy
 45151 | Tomb:1   | Killed a greater mummy
 45159 | Tomb:1   | Noticed a greater mummy
 45168 | Tomb:1   | Killed a greater mummy
 45187 | Tomb:1   | Noticed a greater mummy
 45190 | Tomb:1   | Killed a greater mummy
 45213 | Tomb:1   | Killed a greater mummy
 45232 | Tomb:1   | Noticed a greater mummy
 45282 | Tomb:1   | Killed a greater mummy
 45355 | Tomb:1   | Noticed a greater mummy
 45394 | Tomb:1   | Killed a greater mummy
 45585 | Tomb:3   | Entered Level 3 of the Tomb of the Ancients
 45585 | Tomb:3   | Noticed Jory
 45588 | Tomb:3   | Noticed a greater mummy
 45589 | Tomb:3   | Noticed a greater mummy
 45604 | Tomb:3   | Killed a greater mummy
 45606 | Tomb:3   | Noticed a greater mummy
 45614 | Tomb:3   | Killed a greater mummy
 45655 | Tomb:3   | Killed a greater mummy
 45714 | Tomb:3   | Got a golden rune of Zot
 45752 | Tomb:3   | Noticed a greater mummy
 45778 | Tomb:3   | Killed a greater mummy
 45884 | Tomb:3   | Noticed a greater mummy
 45902 | Tomb:3   | Killed a greater mummy
 45942 | Tomb:3   | Noticed a greater mummy
 45944 | Tomb:3   | Noticed a greater mummy
 45947 | Tomb:3   | Reached skill level 21 in Fighting
 45961 | Tomb:3   | Killed a greater mummy
 45961 | Tomb:3   | Reached skill level 15 in Dodging
 45961 | Tomb:3   | Killed a greater mummy
 45961 | Tomb:3   | Noticed a greater mummy
 45970 | Tomb:3   | Noticed a greater mummy
 45977 | Tomb:3   | Killed Jory
 45990 | Tomb:3   | Killed a greater mummy
 45990 | Tomb:3   | Killed a greater mummy
 46478 | Tomb:3   | Got a wavering glass ring
 46480 | Tomb:3   | Identified the ring "Rukhacoj" {rPois Dex+2 Stlth+} (You
                  | found it on level 3 of the Tomb of the Ancients)
 46528 | Tomb:3   | Got a warped chain mail
 46529 | Tomb:3   | Identified the +0 chain mail of Duty {rF++ Dex+4 Stlth+}
                  | (You found it on level 3 of the Tomb of the Ancients)
 47250 | Depths:1 | Entered Level 1 of the Depths
 47294 | Depths:1 | Reached XP level 27. HP: 273/273 MP: 18/18
 47421 | Depths:1 | Found a flickering gateway to a bazaar.
 47430 | Bazaar   | Entered a bazaar
 47430 | Bazaar   | Found Ixtomomm's Distillery.
 47442 | Bazaar   | Found Gus Nac's Antique Armour Shop.
 47469 | Bazaar   | Found Oqom Ost's Antique Weapon Shop.
 47490 | Bazaar   | Bought a potion of ambrosia for 152 gold pieces
 47490 | Bazaar   | Bought 2 potions of invisibility for 304 gold pieces
 47490 | Bazaar   | Bought a potion of ambrosia for 152 gold pieces
 47490 | Bazaar   | Bought a potion of heal wounds for 95 gold pieces
 47490 | Bazaar   | Bought 2 potions of invisibility for 304 gold pieces
 47490 | Bazaar   | Bought a potion of might for 76 gold pieces
 47490 | Bazaar   | Bought a potion of curing for 57 gold pieces
 47503 | Bazaar   | Bought an embroidered cloak for 135 gold pieces
 47659 | Depths:2 | Found a gateway to Hell.
 48131 | Depths:3 | Found a flickering gateway to a bazaar.
 48138 | Bazaar   | Entered a bazaar
 48144 | Bazaar   | Found Naiq Ysi's Food Shop.
 48145 | Bazaar   | Found Puixtyli's Distillery.
 48153 | Bazaar   | Found Detho's Assorted Antiques.
 48171 | Bazaar   | Found Durutet's Antique Weapon Boutique.
 48197 | Bazaar   | Bought a potion of ambrosia for 96 gold pieces
 48197 | Bazaar   | Bought a potion of heal wounds for 60 gold pieces
 48197 | Bazaar   | Bought a potion of curing for 36 gold pieces
 48197 | Bazaar   | Bought a potion of resistance for 120 gold pieces
 48197 | Bazaar   | Bought a potion of heal wounds for 60 gold pieces
 48197 | Bazaar   | Bought a potion of resistance for 120 gold pieces
 48197 | Bazaar   | Bought a potion of curing for 36 gold pieces
 48197 | Bazaar   | Bought a potion of heal wounds for 60 gold pieces
 48197 | Bazaar   | Bought a potion of resistance for 120 gold pieces
 48197 | Bazaar   | Bought a potion of magic for 96 gold pieces
 48204 | Bazaar   | Bought a scroll of teleportation for 60 gold pieces
 48204 | Bazaar   | Bought a pair of embroidered gloves for 150 gold pieces
 48204 | Bazaar   | Bought a scroll of enchant weapon for 150 gold pieces
 48626 | Depths:3 | Found a one-way gate leading to the halls of Pandemonium.
 48650 | Pan      | Entered Pandemonium
 48713 | Pan      | Reached skill level 18 in Dodging
 48718 | Pan      | Noticed Cuasu the pandemonium lord
 48760 | Pan      | Killed Cuasu the pandemonium lord
 48855 | Pan      | Found a huge runed translucent gate.
 48869 | Pan      | Found a huge runed translucent gate.
 48878 | Pan      | Found a huge runed translucent gate.
 48878 | Pan      | Found a huge runed translucent gate.
 48878 | Pan      | Found a huge runed translucent gate.
 48878 | Pan      | Found a huge runed translucent gate.
 48878 | Pan      | Found a huge runed translucent gate.
 48889 | Pan      | Noticed Ridaly the pandemonium lord
 48931 | Pan      | Killed Ridaly the pandemonium lord
 49061 | Pan      | Noticed Bofamna the pandemonium lord
 49101 | Pan      | Killed Bofamna the pandemonium lord
 49136 | Depths:3 | Escaped Pandemonium
 49497 | Shoals:4 | Bought a potion of invisibility for 136 gold pieces
 49497 | Shoals:4 | Bought a manual of Invocations for 1876 gold pieces
 49781 | Pan      | Entered Pandemonium
 49860 | Pan      | Reached skill level 6 in Invocations
 49911 | Pan      | Noticed Icyclent the pandemonium lord
 49951 | Pan      | Killed Icyclent the pandemonium lord
 49951 | Pan      | Reached skill level 9 in Invocations
 50046 | Pan      | Reached skill level 12 in Invocations
 50160 | Pan      | Entered the realm of Gloorx Vloq.
 50210 | Pan      | Reached skill level 15 in Invocations
 50305 | Pan      | Noticed Gloorx Vloq
 50411 | Pan      | Got a pair of dazzling gloves
 50412 | Pan      | Identified the +4 pair of gloves of Wonder {Regen+ Int+4
                  | Dex-2} (You found it in Pandemonium)
 50556 | Pan      | Got a dark rune of Zot
 50626 | Pan      | Killed Gloorx Vloq
 50995 | Pan      | Entered the realm of Mnoleg.
 50995 | Pan      | Noticed Mnoleg
 51001 | Pan      | Gained mutation: You are frail. (-10% HP) [a cacodemon]
 51036 | Pan      | Got a glowing rune of Zot
 51115 | Pan      | Killed Mnoleg
 51308 | Pan      | Lost mutation: You are frail. (-10% HP) [potion of
                  | mutation]
 51308 | Pan      | Gained mutation: You are occasionally teleported next to
                  | monsters. [potion of mutation]
 51308 | Pan      | Gained mutation: You are partially covered in rugged brown
                  | scales. (AC +1, +3% HP) [potion of mutation]
 51319 | Pan      | Lost mutation: You are partially covered in rugged brown
                  | scales. (AC +1, +3% HP) [potion of mutation]
 51319 | Pan      | Lost mutation: You are occasionally teleported next to
                  | monsters. [potion of mutation]
 51319 | Pan      | Gained mutation: You are robust. (+10% HP) [potion of
                  | mutation]
 51319 | Pan      | Gained mutation: You tend to lose your temper in combat.
                  | [potion of mutation]
 51319 | Pan      | Gained mutation: You evolve. [potion of mutation]
 51523 | Pan      | Got a crystal hand axe
 51738 | Pan      | Noticed Nir Hana the pandemonium lord
 51790 | Pan      | Killed Nir Hana the pandemonium lord
 51903 | Pan      | Noticed Aribrinne the pandemonium lord
 51957 | Pan      | Killed Aribrinne the pandemonium lord
 51980 | Pan      | Entered the realm of Lom Lobon.
 52299 | Pan      | Noticed Lom Lobon
 52352 | Pan      | Killed Lom Lobon
 52390 | Pan      | Got a magical rune of Zot
 52521 | Pan      | Found an exit through the horrors of the Abyss.
 52561 | Pan      | Entered the realm of Cerebov.
 52561 | Pan      | Identified the +6 sword of Cerebov {flame}
 52561 | Pan      | Noticed Cerebov
 52598 | Pan      | Got a fiery rune of Zot
 52602 | Pan      | Reached skill level 18 in Evocations
 52627 | Pan      | Killed Cerebov
 52749 | Pan      | Identified the ring of the Voivode {+Fly Int+2} (You found
                  | it in Pandemonium)
 52754 | Pan      | Identified the Papyrus of the Toxic Arsonist
 52805 | Pan      | Identified the amulet "Ydiluiq" {Faith rF++ Str+4 Int-4
                  | Stlth+} (You found it in Pandemonium)
 52926 | Pan      | Reached skill level 21 in Evocations
 53066 | Pan      | Lost mutation: You are robust. (+10% HP) [a cacodemon]
 53189 | Pan      | Found a runed translucent door.
 53309 | Pan      | Noticed Upor the pandemonium lord
 53323 | Pan      | Killed Upor the pandemonium lord
 53446 | Pan      | Gained mutation: Your spells are a little easier to cast,
                  | but a little less powerful. [a cacodemon]
 53510 | Pan      | Found a huge runed translucent gate.
 53511 | Pan      | Found a huge runed translucent gate.
 53578 | Pan      | Identified the Guide on Unstable Attacks
 53598 | Pan      | Found a huge runed translucent gate.
 53599 | Pan      | Found a huge runed translucent gate.
 53599 | Pan      | Found a huge runed translucent gate.
 53599 | Pan      | Found a huge runed translucent gate.
 53600 | Pan      | Found a huge runed translucent gate.
 53604 | Pan      | Noticed Rauli the pandemonium lord
 53688 | Pan      | Killed Rauli the pandemonium lord
 53750 | Pan      | Gained mutation: Your magical capacity is low. (-10% MP) [a
                  | neqoxec]
 53776 | Pan      | Noticed Hiatt the pandemonium lord
 53813 | Pan      | Killed Hiatt the pandemonium lord
 53813 | Pan      | Reached skill level 24 in Evocations
 53902 | Pan      | Lost mutation: You tend to lose your temper in combat.
                  | [evolution]
 53902 | Pan      | Lost mutation: You evolve. [end of evolution]
 54079 | Pan      | Identified the amulet of Ilepom {RegenMP rC+}
 54423 | Pan      | Noticed Ogogiodgh the pandemonium lord
 54453 | Pan      | Got a demonic rune of Zot
 54473 | Pan      | Noticed Qissetzuap the pandemonium lord
 54496 | Pan      | Killed Qissetzuap the pandemonium lord
 54510 | Pan      | Found an exit through the horrors of the Abyss.
 54516 | Pan      | Took an exit into the Abyss.
 54516 | Abyss:1  | Escaped into the Abyss
 54587 | Abyss:1  | Found a corrupted altar of Lugonu.
 54716 | Abyss:1  | Found a corrupted altar of Lugonu.
 54748 | Abyss:1  | Found a corrupted altar of Lugonu.
 54890 | Abyss:1  | Found a corrupted altar of Lugonu.
 55162 | Abyss:1  | Gained mutation: You are occasionally teleported next to
                  | monsters. [a neqoxec]
 55482 | Abyss:3  | Found a corrupted altar of Lugonu.
 55515 | Abyss:3  | Got an abyssal rune of Zot
 55671 | Abyss:4  | Found a hide-covered altar of Uskayaw.
 55715 | Abyss:4  | Reached skill level 27 in Evocations
 55728 | Depths:3 | Escaped the Abyss
 55807 | Hell     | Entered the Vestibule of Hell
 55807 | Hell     | Noticed Geryon
 55934 | Hell     | Killed Geryon
 55971 | Hell     | Found a gateway to the decaying netherworld of Tartarus.
 56036 | Tar:1    | Entered Level 1 of Tartarus
 56354 | Tar:4    | You are sucked into a shaft!
 56491 | Tar:7    | Entered Level 7 of Tartarus
 56827 | Tar:7    | Noticed Ereshkigal
 56846 | Tar:7    | Reached skill level 27 in Armour
 56877 | Tar:7    | Killed Ereshkigal
 56883 | Tar:7    | Got a bone rune of Zot
 56982 | Tar:7    | Reached skill level 24 in Fighting
 57005 | Tar:7    | Reached skill level 21 in Dodging
 57015 | Tar:7    | Reached skill level 21 in Axes
 57109 | Tar:7    | Identified the Compendium of Clay and Curses
 57200 | Hell     | Found a gateway to the ashen valley of Gehenna.
 57240 | Geh:1    | Entered Level 1 of Gehenna
 57849 | Geh:7    | Entered Level 7 of Gehenna
 58114 | Geh:7    | Identified the +7 sceptre of Asmodeus
 58114 | Geh:7    | Noticed Asmodeus
 58174 | Geh:7    | Killed Asmodeus
 58206 | Geh:7    | Got a wavering lapis lazuli ring
 58207 | Geh:7    | Identified the ring of Qyczomoc {Ice rPois rN+ Int+3} (You
                  | found it on level 7 of Gehenna)
 58214 | Geh:7    | Got a glittering golden ring
 58215 | Geh:7    | Identified the ring "Suodet" {rN+ Slay+3} (You found it on
                  | level 7 of Gehenna)
 58230 | Geh:7    | Got a warped plate armour
 58231 | Geh:7    | Identified the +3 plate armour of Impermeability {*Corrode
                  | rC+ Slay+3} (You found it on level 7 of Gehenna)
 58249 | Geh:7    | Got an obsidian rune of Zot
 58415 | Hell     | Found a gateway to the Iron City of Dis.
 58424 | Dis:1    | Entered Level 1 of the Iron City of Dis
 58473 | Dis:2    | Lost mutation: Your spells are a little easier to cast, but
                  | a little less powerful. [potion of mutation]
 58473 | Dis:2    | Gained mutation: You are resistant to electric shocks.
                  | (rElec) [potion of mutation]
 58473 | Dis:2    | Gained mutation: You are partially covered in yellow
                  | scales. (AC +2) [potion of mutation]
 58474 | Dis:2    | Lost mutation: Your magical capacity is low. (-10% MP)
                  | [potion of mutation]
 58474 | Dis:2    | Gained mutation: You have sharp fingernails. [potion of
                  | mutation]
 58474 | Dis:2    | Gained mutation: You have sharp toenails. [potion of
                  | mutation]
 58474 | Dis:2    | Gained mutation: You occasionally shout uncontrollably at
                  | your foes. [potion of mutation]
 58474 | Dis:2    | Gained mutation: Your spells are a little harder to cast,
                  | but a little more powerful. [potion of mutation]
 58475 | Dis:2    | Lost mutation: You are partially covered in yellow scales.
                  | (AC +2) [potion of mutation]
 58475 | Dis:2    | Lost mutation: You are occasionally teleported next to
                  | monsters. [potion of mutation]
 58475 | Dis:2    | Lost mutation: You have sharp toenails. [potion of
                  | mutation]
 58475 | Dis:2    | Gained mutation: Armour fits poorly on your strangely
                  | shaped body. [potion of mutation]
 58475 | Dis:2    | Gained mutation: You are partially covered in rugged brown
                  | scales. (AC +1, +3% HP) [potion of mutation]
 58475 | Dis:2    | Gained mutation: You have an increased reservoir of magic.
                  | (+10% MP) [potion of mutation]
 58790 | Dis:7    | Entered Level 7 of the Iron City of Dis
 58876 | Dis:7    | Found a huge runed gate.
 58876 | Dis:7    | Found a huge runed gate.
 58876 | Dis:7    | Found a huge runed gate.
 58876 | Dis:7    | Found a huge runed gate.
 58876 | Dis:7    | Found a huge runed gate.
 58876 | Dis:7    | Found a huge runed gate.
 58876 | Dis:7    | Found a huge runed gate.
 58876 | Dis:7    | Found a huge runed gate.
 58876 | Dis:7    | Found a huge runed gate.
 58918 | Dis:7    | Identified the +3 hand axe "Trog's Righteous Fury" {chop,
                  | rC++ rN+++ Str+4}
 58919 | Dis:7    | Identified the +4 staff of Dispater
 58919 | Dis:7    | Noticed Dispater
 58946 | Dis:7    | Gained mutation: You are occasionally teleported next to
                  | monsters. [a cacodemon]
 58977 | Dis:7    | Killed Dispater
 58997 | Dis:7    | Got an iron rune of Zot
 59155 | Hell     | Found a gateway to the freezing wastes of Cocytus.
 59173 | Coc:1    | Entered Level 1 of Cocytus
 59428 | Coc:5    | Lost mutation: You occasionally shout uncontrollably at
                  | your foes. [potion of mutation]
 59428 | Coc:5    | Lost mutation: You are partially covered in rugged brown
                  | scales. (AC +1, +3% HP) [potion of mutation]
 59428 | Coc:5    | Gained mutation: You have large cloven feet. [potion of
                  | mutation]
 59429 | Coc:5    | Lost mutation: You have large cloven feet. [potion of
                  | mutation]
 59429 | Coc:5    | Lost mutation: Armour fits poorly on your strangely shaped
                  | body. [potion of mutation]
 59429 | Coc:5    | Lost mutation: Your spells are a little harder to cast, but
                  | a little more powerful. [potion of mutation]
 59429 | Coc:5    | Gained mutation: Your spells are a little harder to cast,
                  | but a little more powerful. [potion of mutation]
 59429 | Coc:5    | Gained mutation: You have sharp toenails. [potion of
                  | mutation]
 59429 | Coc:5    | Gained mutation: Your muscles are strong. (Str +2) [potion
                  | of mutation]
 59429 | Coc:5    | Gained mutation: You are partially covered in large bone
                  | plates. (SH +4) [potion of mutation]
 59484 | Coc:6    | You are sucked into a shaft!
 59484 | Coc:7    | Entered Level 7 of Cocytus
 59571 | Coc:7    | Noticed the Serpent of Hell
 59588 | Coc:7    | Reached skill level 27 in Shields
 59609 | Coc:7    | Killed the Serpent of Hell
 59724 | Coc:7    | Noticed Antaeus
 59770 | Coc:7    | Killed Antaeus
 59820 | Coc:7    | Got an icy rune of Zot
 60033 | Depths:5 | Entered Level 5 of the Depths
 60117 | Depths:5 | Found a snail-covered altar of Cheibriados.
 60198 | Depths:5 | Found a sparkling altar of Nemelex Xobeh.
 60423 | Depths:5 | Found a shimmering altar of Xom.
 60540 | Depths:5 | Found a gate to the Realm of Zot.
 60753 | Zot:1    | Entered Level 1 of the Realm of Zot
 60755 | Zot:1    | Identified the +2 pair of gloves of Marbles {+Fly MP+9
                  | Str-3 Int+3} (You acquired it on level 1 of the Realm of
                  | Zot)
 60846 | Zot:1    | Reached skill level 24 in Axes
 60846 | Zot:1    | Reached skill level 24 in Dodging
 61061 | Zot:3    | Noticed an orb of fire
 61074 | Zot:3    | Gained mutation: Your body sometimes deteriorates upon
                  | taking damage. [an orb of fire]
 61077 | Zot:3    | Lost mutation: Your muscles are strong. (Str +2) [an orb of
                  | fire]
 61081 | Zot:3    | Gained mutation: You are frail. (-10% HP) [an orb of fire]
 61083 | Zot:3    | Gained mutation: You are clumsy. (Dex -2) [an orb of fire]
 61085 | Zot:3    | Lost mutation: You have an increased reservoir of magic.
                  | (+10% MP) [an orb of fire]
 61086 | Zot:3    | Gained mutation: You have an increased reservoir of magic.
                  | (+10% MP) [an orb of fire]
 61089 | Zot:3    | Killed an orb of fire
 61355 | Zot:5    | Entered Level 5 of the Realm of Zot
 61417 | Zot:5    | Noticed an ancient lich
 61435 | Zot:5    | Noticed an orb of fire
 61437 | Zot:5    | Killed an ancient lich
 61438 | Zot:5    | Noticed an orb of fire
 61442 | Zot:5    | Noticed an orb of fire
 61443 | Zot:5    | Lost mutation: You have an increased reservoir of magic.
                  | (+10% MP) [an orb of fire]
 61449 | Zot:5    | Gained mutation: You are dopey. (Int -2) [an orb of fire]
 61453 | Zot:5    | Gained mutation: You are weak. (Str -2) [an orb of fire]
 61455 | Zot:5    | Gained mutation: Scrolls take you a little longer to read.
                  | [an orb of fire]
 61455 | Zot:5    | Gained mutation: You are very dopey. (Int -4) [an orb of
                  | fire]
 61459 | Zot:5    | Gained mutation: You are very clumsy. (Dex -4) [an orb of
                  | fire]
 61459 | Zot:5    | Gained mutation: Your magical capacity is low. (-10% MP)
                  | [an orb of fire]
 61465 | Zot:5    | Noticed an orb of fire
 61467 | Zot:5    | Gained mutation: Scrolls take you longer to read. [an orb
                  | of fire]
 61469 | Zot:5    | Lost mutation: You are frail. (-10% HP) [an orb of fire]
 61470 | Zot:5    | Gained mutation: Armour fits poorly on your strangely
                  | shaped body. [an orb of fire]
 61471 | Zot:5    | Gained mutation: You are frail. (-10% HP) [an orb of fire]
 61474 | Zot:5    | Killed an orb of fire
 61478 | Zot:5    | Gained mutation: You are very weak. (Str -4) [an orb of
                  | fire]
 61485 | Zot:5    | Killed an orb of fire
 61489 | Zot:5    | Gained mutation: Your body often deteriorates upon taking
                  | damage. [an orb of fire]
 61496 | Zot:5    | Killed an orb of fire
 61498 | Zot:5    | Noticed an ancient lich
 61514 | Zot:5    | Noticed an ancient lich
 61516 | Zot:5    | Gained mutation: You are very frail. (-20% HP) [an orb of
                  | fire]
 61521 | Zot:5    | Gained mutation: You are extremely frail. (-30% HP) [an orb
                  | of fire]
 61531 | Zot:5    | Killed an ancient lich
 61532 | Zot:5    | Killed an ancient lich
 61549 | Zot:5    | Gained mutation: Your magical capacity is very low. (-20%
                  | MP) [an orb of fire]
 61550 | Zot:5    | Killed an orb of fire
 61550 | Zot:5    | Reached skill level 27 in Fighting
 61589 | Zot:5    | Lost mutation: Your magical capacity is very low. (-20% MP)
                  | [potion of mutation]
 61589 | Zot:5    | Lost mutation: Armour fits poorly on your strangely shaped
                  | body. [potion of mutation]
 61589 | Zot:5    | Lost mutation: Your magical capacity is low. (-10% MP)
                  | [potion of mutation]
 61589 | Zot:5    | Lost mutation: You are extremely frail. (-30% HP) [potion
                  | of mutation]
 61589 | Zot:5    | Lost mutation: You are very weak. (Str -4) [potion of
                  | mutation]
 61590 | Zot:5    | Lost mutation: You are very clumsy. (Dex -4) [potion of
                  | mutation]
 61590 | Zot:5    | Lost mutation: You are very dopey. (Int -4) [potion of
                  | mutation]
 61590 | Zot:5    | Lost mutation: You are occasionally teleported next to
                  | monsters. [potion of mutation]
 61590 | Zot:5    | Lost mutation: You are clumsy. (Dex -2) [potion of
                  | mutation]
 61590 | Zot:5    | Gained mutation: Your flesh is cold resistant. (rC+)
                  | [potion of mutation]
 61591 | Zot:5    | Lost mutation: You are very frail. (-20% HP) [potion of
                  | mutation]
 61591 | Zot:5    | Lost mutation: You are dopey. (Int -2) [potion of mutation]
 61591 | Zot:5    | Lost mutation: Scrolls take you longer to read. [potion of
                  | mutation]
 61591 | Zot:5    | Gained mutation: You are partially covered in slimy green
                  | scales. (AC +2) [potion of mutation]
 61642 | Zot:5    | Got the Orb of Zot
 61659 | Zot:5    | Noticed Ufumnust the pandemonium lord
 61720 | Zot:5    | Killed Ufumnust the pandemonium lord
 61802 | Zot:3    | Noticed an orb of fire
 61804 | Zot:3    | Gained mutation: Scrolls take you longer to read. [an orb
                  | of fire]
 61805 | Zot:3    | Gained mutation: You are very frail. (-20% HP) [an orb of
                  | fire]
 61807 | Zot:4    | Gained mutation: You tend to lose your temper in combat.
                  | [an orb of fire]
 61811 | Zot:4    | Gained mutation: Scrolls take you much longer to read. [an
                  | orb of fire]
 61818 | Zot:4    | Lost mutation: Your spells are a little harder to cast, but
                  | a little more powerful. [an orb of fire]
 61828 | Zot:4    | Gained mutation: You are very weak. (Str -4) [an orb of
                  | fire]
 61834 | Zot:4    | Killed an orb of fire
 61896 | Zot:4    | Lost mutation: You have sharp toenails. [potion of
                  | mutation]
 61896 | Zot:4    | Lost mutation: You are very frail. (-20% HP) [potion of
                  | mutation]
 61896 | Zot:4    | Lost mutation: You are very weak. (Str -4) [potion of
                  | mutation]
 61896 | Zot:4    | Lost mutation: Scrolls take you much longer to read.
                  | [potion of mutation]
 61896 | Zot:4    | Gained mutation: You are partially covered in rugged brown
                  | scales. (AC +1, +3% HP) [potion of mutation]
 61897 | Zot:4    | Lost mutation: You are frail. (-10% HP) [potion of
                  | mutation]
 61897 | Zot:4    | Lost mutation: You are partially covered in slimy green
                  | scales. (AC +2) [potion of mutation]
 61897 | Zot:4    | Gained mutation: You are partially covered in thin metallic
                  | scales. (AC +2) [potion of mutation]
 61897 | Zot:4    | Gained mutation: Your mind is acute. (Int +2) [potion of
                  | mutation]
 62000 | Zot:4    | Noticed Fygy the pandemonium lord
 62012 | Zot:4    | Noticed Zomecs the pandemonium lord
 62044 | Zot:3    | Killed Fygy the pandemonium lord
 62155 | Zot:1    | Gained mutation: You are occasionally teleported next to
                  | monsters. [a cacodemon]
 62322 | Depths:2 | Noticed Kuaky the pandemonium lord
 62343 | Depths:1 | Reached skill level 27 in Axes
 62368 | Depths:1 | Reached skill level 27 in Dodging
 62452 | D:13     | Reached skill level 1 in Spellcasting
 62720 | D:3      | Reached skill level 3 in Spellcasting
 62768 | D:$      | Escaped with the Orb!

Vault maps used:
D:1:      dpeg_arrival_pits
D:2:      elyvilon_altar_1, minmay_quantized
D:3:      serial_undead, serial_undead_b, serial_undead_c, serial_undead_e,
          serial_undead_d
D:4:      overflow_temple_1_default, first_ration, tso_altar, uniq_ijyb,
          uniq_sigmund, uniq_eustachio
D:5:      serial_shops, shop
D:6:      lemuel_round_altar, gammafunk_temple_overflow_claw
D:7:      minmay_the_grid_octo_2x2, slow_altar_2, temple_fountains
D:8:      lemuel_crystal_altar, dancing_weapons_uskayaw
D:10:     serial_shops, kennysheep_mini_moat
D:11:     david_lair_shrubbed, david_orc_2, david_nohive_1, tgw_xom
D:13:     minmay_distorted_concentric_squares,
          lightli_vaults_fourway_checkpoint, gauntlet_entry_generic, uniq_kirke
D:14:     kennysheep_doodads
D:15:     grunt_enter_depths_magical_seal, serial_shops, shop,
          serial_column_ruins, column_ruins_columns_straight,
          column_ruins_corridor_T, column_ruins_open_medium,
          gammafunk_ghost_fury_of_okawaru, old_standard_altar, minivault_24,
          small_statue_intersection, chequers_serial_rivers_micro_b
Lair:2:   infiniplex_staircase_pool, uniq_prince_ribbit2
Lair:3:   elwin_shoals_entry_rocks, kennysheep_snail_temple
Lair:4:   dummy_snake_entry, gammafunk_ghost_grave
Lair:5:   grunt_megastairs_5, uniq_josephine
Lair:6:   due_jungle_book, slime_altar_1
Shoals:1: lightli_airlock
Shoals:3: uniq_ilsuiw
Shoals:4: shoals_end_grunt_garden, nicolae_alphabet_shops
Snake:1:  grunt_ministairs_12
Snake:2:  serial_shops, nicolae_shop_crystal, uniq_frances, uniq_vashnia
Snake:3:  uniq_saint_roka
Snake:4:  grunt_snake_rune_pools, guppyfry_snake_island, grunt_megastairs_3
Slime:2:  cheibrodos_slime_lost_civilization_7
Orc:1:    serial_shops, shop
Orc:2:    grunt_orc_tribal_feast, uniq_donald, uniq_azrael
Elf:1:    minmay_elf_arrival_circle, serial_shops, shop_statue, shop_fountains,
          minivault_28, minmay_misc_feat_pillars, minmay_shoptagon
Elf:2:    serial_shops, nicolae_shop_behind_doors
Elf:3:    elf_hall, portal_ice_cave_entry_pillars_2, drop_trap,
          minmay_misc_feat_cross, minmay_elf_sorcery
Vaults:1: v_misc_8, st_eye, grunt_vaults_focal, hangedman_vaults_stream,
          v_misc_9, v_rooms_4, hangedman_vaults_stitches, v_misc_29, v_misc_2,
          v_misc_15, ontoclasm_vaults_fault, vaults_room_door_ring,
          nicolae_vaults_asterisk
Vaults:2: v_pattern_1, v_misc_33, v_rooms_6, ontoclasm_vaults_eye, v_misc_9,
          nicolae_vaults_little_squares_4, nicolae_vaults_display_case,
          v_misc_26
Vaults:3: nicolae_vaults_little_squares_4, minmay_crypt_entry_vampire_xt,
          nicolae_vaults_little_ls, ontoclasm_vaults_loading_screen,
          ontoclasm_vaults_ring_large, nicolae_vaults_yaktaur_gun_rack,
          v_rooms_4, vaults_mumra_minichess_inversion, v_alt_pattern_5,
          hangedman_vaults_corner_blocks, nicolae_vaults_little_squares_4,
          nicolae_vaults_three_branches, hangedman_vaults_maws, serial_shops,
          bzr_entry_road
Vaults:4: dpeg_vaults_pockets_of_resistance, nicolae_vaults_ring_of_whatevers,
          nicolae_vaults_disjoint_gnomons, v_rooms_1, nicolae_vaults_triangles,
          v_misc_1, ontoclasm_vaults_ligature, v_alt_pattern_2, v_misc_22,
          grunt_vaults_funnel, ontoclasm_vaults_idyll,
          ontoclasm_vaults_loading_screen, nicolae_vaults_asterisk,
          serial_shops, statue_bzr
Vaults:5: serial_shops, uniq_mennas, uniq_xtahua
Crypt:2:  minivault_4, uniq_bai_suzhen
Crypt:3:  due_elkab, tomb_entry_shell_bobbens, grunt_ministairs_9,
          st_small_mortuary
Tomb:3:   uniq_jory
Depths:1: grunt_decor_fettered, hangedman_geh_valley, serial_shops,
          bzr_firewalk, firewood_loft, serial_bayou_shore_b
Depths:2: kennysheep_room_grid, hell_entry, minmay_strange_pillars,
          serial_rivers, chequers_serial_rivers_marsh,
          chequers_serial_rivers_large_b, chequers_serial_rivers_small_3,
          chequers_serial_rivers_large_a, chequers_serial_rivers_micro_e
Depths:3: minmay_bubble_buster, grunt_pan_entry_spiral, serial_shops,
          bzr_in_the_mist, hell_entry
Depths:4: cheibrodos_hall_of_evolution, hell_entry, minmay_room_of_horrors,
          lemuel_flamethrower_hall, infiniplex_staircase_zigzag_1
Depths:5: grunt_profane_halls, hell_entry
Dis:5:    hangedman_dis_decor_blocks_crown, door_vault
Dis:7:    iron_city_of_dis, door_vault
Geh:1:    nicolae_geh_fiery_graves, gehenna_fire_generator
Geh:4:    grunt_megastairs_1
Geh:7:    geh_mu
Coc:7:    coc_hangedman
Tar:3:    nicolae_tar_cuneiform_bird
Tar:6:    nicolae_tar_cuneiform_to_be
Tar:7:    tar_mu
Zot:1:    st_stairs_6, grunt_megastairs_2
Zot:3:    grunt_deathspiral_small, grunt_ministairs_12
Abyss:2:  guppyfry_abyss_exit_imp_island
Abyss:3:  hangedman_abyss_stitches_cave, evilmike_abyss_rune_elephants_shrine
Abyss:4:  evilmike_abyss_exit_5, hangedman_elemental_corridor
Pan:      rand_demon_8, nicolae_pan_giant_door, nicolae_pan_cerebovesque_4,
          regret_index_pan_draining_boxed, nicolae_pan_double_arrow,
          pan_blood_fountain_2, lemuel_hall_of_pain, grunt_pan_pentagram,
          pan_blood_fountain, evilmike_mini_pan_V, evilmike_mini_pan_pillars,
          nicolae_pan_mnolegish_4, gloorx_vloq, mnoleg_st,
          nicolae_pan_cerebovesque_4, grunt_pan_in_and_out,
          nicolae_pan_sigil_uleosi, evilmike_mini_pan_3x3,
          nicolae_pan_gloorx_vloqian_2, rand_demon_3,
          lom_lobon_grunt_wind_tunnels, pan_blood_fountain, rand_demon_4,
          nicolae_pan_sigil_uleosi, evilmike_cerebov_lava,
          pan_blood_fountain_small, nicolae_pan_sigil_itan,
          evilmike_mini_pan_pillars, pan_blood_fountain, grunt_pan_spiral,
          pan_blood_fountain, rand_demon_9, nicolae_pan_giant_door,
          pan_blood_fountain, grunt_pan_pentagram, evilmike_mini_pan_T,
          nicolae_pan_hourglass, pan_blood_fountain, nicolae_pan_sigil_eeng,
          nicolae_pan_cerebovesque_1, evilmike_mini_pan_pillars, rand_demon_6,
          rand_demon_6, pan_blood_fountain, nicolae_pan_mnolegish_3,
          grunt_pan_zigzag, evilmike_mini_pan_V, reaverb_pan_squares,
          rand_demon_1, lemuel_hellion_island, nicolae_pan_strange_glyphs,
          grunt_pan_zigzag
Bazaar:   bazaar_lake, bazaar_minmay_generic_box, bazaar_jpeg_cross,
          bazaar_kb_twisted_cavern
IceCv:    ice_cave_caverns_03
Gauntlet: minmay_gauntlet_mixed_oops_all_seconds

Skill      XL: |  1  2  3  4  5  6  7  8  9 10 11 12 13 14 15 16 17 18 19 20 21 22 23 24 25 26 27 |
---------------+----------------------------------------------------------------------------------+-----
Axes           | 4 5 6 7 8 10 11 12 14 15 16 17 18 19 20 27 | 27.0
Fighting       | 3 4 6 8 9 11 12 13 14 15 16 18 19 20 21 27 | 27.0
Evocations     | 4 5 8 15 27 | 27.0
Armour         | 2 5 8 10 12 14 16 18 19 20 21 24 25 27 | 27.0
Invocations    | 5 17 | 17.4
Shields        | 4 6 13 16 18 19 21 22 23 24 25 27 | 27.0
Dodging        | 6 10 11 12 16 27 | 27.0
Spellcasting   | 3 |  3.2
Stealth        | |  2.4

Action                   |  1- 3 |  4- 6 |  7- 9 | 10-12 | 13-15 | 16-18 | 19-21 | 22-24 | 25-27 || total
-------------------------+-------+-------+-------+-------+-------+-------+-------+-------+-------++-------
Melee: Hand axe          |   135 |   252 |   242 |       |    45 |       |       |       |       ||   674
       War axe           |       |       |   228 |  1598 |   113 |       |       |       |       ||  1939
       Flail             |       |       |       |    14 |       |       |       |       |       ||    14
       Broad axe         |       |       |       |       |  1252 |  1767 |  1873 |  1763 |  7614 || 14269
Throw: Tomahawk          |       |       |     5 |     6 |     2 |       |       |       |       ||    13
       Javelin           |       |       |       |     2 |       |       |       |       |       ||     2
       Throwing net      |       |       |       |       |       |       |     5 |       |    37 ||    42
Invok: Lesser Servant of |       |       |       |     4 |     2 |     5 |    17 |     1 |     9 ||    38
       Greater Servant o |       |       |       |       |       |       |       |       |    14 ||    14
       Major Destruction |       |       |       |       |       |       |       |       |     4 ||     4
 Abil: Heal Wounds       |     1 |     7 |    10 |    19 |     2 |       |     4 |       |    65 ||   108
       Stop Flying       |       |       |       |       |       |       |       |       |     1 ||     1
       Evoke Flight      |       |       |       |       |       |       |       |       |     1 ||     1
Evoke: Wand              |       |     5 |     5 |    11 |     5 |    45 |    13 |    15 |    59 ||   158
       Phial of floods   |       |       |       |       |       |     1 |     1 |     1 |     1 ||     4
       Sack of spiders   |       |       |       |       |       |       |     1 |       |     5 ||     6
       Lamp of fire      |       |       |       |       |       |       |       |     3 |     9 ||    12
       Box of beasts     |       |       |       |       |       |       |       |       |     4 ||     4
       Phantom mirror    |       |       |       |       |       |       |       |       |     5 ||     5
       Horn of Geryon    |       |       |       |       |       |       |       |       |     3 ||     3
  Use: Scroll            |       |     8 |     6 |     8 |    13 |     9 |    12 |    11 |    77 ||   144
       Potion            |       |       |       |     3 |     2 |     2 |     5 |     4 |    66 ||    82
 Stab: Sleeping          |     1 |     2 |       |       |       |       |       |       |       ||     3
       Paralysed         |       |       |       |    10 |     2 |       |     2 |       |    13 ||    27
       Invisible         |       |       |       |     3 |       |       |       |       |    22 ||    25
       Petrified         |       |       |       |       |     7 |       |       |       |       ||     7
       Distracted        |       |       |       |       |       |     2 |     3 |     3 |    11 ||    19
       Held in net/web   |       |       |       |       |       |       |     2 |       |    24 ||    26
       Confused          |       |       |       |       |       |       |       |       |     5 ||     5
  Eat: Chunk             |       |     5 |     8 |    14 |     8 |     9 |     5 |     1 |       ||    50
       Ration            |       |       |     1 |     3 |     7 |     5 |     6 |     8 |    25 ||    55
Armor: Robe              |    10 |       |       |       |       |       |       |       |       ||    10
       Ring mail         |    27 |    17 |       |       |       |       |       |       |       ||    44
       Chain mail        |       |   182 |    75 |       |       |    11 |       |       |       ||   268
       Plate armour      |       |       |   164 |   599 |       |     5 |   194 |   304 |   170 ||  1436
       Crystal plate arm |       |       |       |    63 |   460 |   298 |       |       |       ||   821
       Skin              |       |       |       |    14 |       |       |       |       |   404 ||   418
       Gold dragon scale |       |       |       |       |       |       |       |       |  1782 ||  1782
Dodge: Dodged            |   103 |   174 |   169 |   874 |   468 |   706 |   508 |   620 |  4447 ||  8069
       Deflected         |       |       |       |     6 |    13 |    88 |    32 |    23 |   114 ||   276
Block: Buckler           |       |       |       |   278 |   139 |       |       |       |       ||   417
       Large shield      |       |       |       |       |   798 |  2823 |  2068 |  2244 | 12621 || 20554

Table legend:
 A = Non-vault XP
 B = Vault XP
 C = Vault XP percentage of total XP
 D = Non-vault monster count
 E = Vault monster count
 F = Vault count percentage of total count
                 A         B        C        D         E       F
            +---------+---------+-------+---------+---------+-------
      Total | 1482625 | 1804395 |  54.9 |    2618 |    1677 |  39.0
            +---------+---------+-------+---------+---------+-------
        D:1 |      37 |       0 |   0.0 |      20 |       0 |   0.0
        D:2 |     109 |      20 |  15.5 |      19 |       5 |  20.8
        D:3 |     157 |      23 |  12.8 |      26 |       2 |   7.1
        D:4 |     491 |     464 |  48.6 |      33 |       3 |   8.3
        D:5 |     403 |       0 |   0.0 |      17 |       0 |   0.0
        D:6 |     546 |       0 |   0.0 |      16 |       0 |   0.0
        D:7 |     806 |    2315 |  74.2 |      14 |      19 |  57.6
        D:8 |    1577 |       0 |   0.0 |      34 |       0 |   0.0
        D:9 |    1516 |       0 |   0.0 |      27 |       0 |   0.0
       D:10 |    1667 |       0 |   0.0 |      14 |       0 |   0.0
       D:11 |    1413 |    1459 |  50.8 |      14 |      24 |  63.2
       D:12 |    6513 |       0 |   0.0 |      36 |       0 |   0.0
       D:13 |    2826 |   10450 |  78.7 |      23 |      22 |  48.9
       D:14 |    7272 |       0 |   0.0 |      30 |       0 |   0.0
       D:15 |    8720 |   16137 |  64.9 |      24 |      19 |  44.2
     Lair:1 |    1362 |       0 |   0.0 |      10 |       0 |   0.0
     Lair:2 |    4841 |    1095 |  18.4 |      21 |       4 |  16.0
     Lair:3 |   10707 |    1688 |  13.6 |      28 |       4 |  12.5
     Lair:4 |    2495 |    1205 |  32.6 |      13 |       1 |   7.1
     Lair:5 |    3771 |    2915 |  43.6 |      13 |       8 |  38.1
     Lair:6 |   23618 |    2900 |  10.9 |      54 |       5 |   8.5
   Shoals:1 |   12456 |    6298 |  33.6 |      27 |      11 |  28.9
   Shoals:2 |   23855 |       0 |   0.0 |      45 |       0 |   0.0
   Shoals:3 |   17827 |    4163 |  18.9 |      41 |       6 |  12.8
   Shoals:4 |   19668 |   19283 |  49.5 |      37 |      30 |  44.8
    Snake:1 |    8539 |     872 |   9.3 |      18 |       2 |  10.0
    Snake:2 |    8723 |    9308 |  51.6 |      20 |       5 |  20.0
    Snake:3 |   31248 |    5874 |  15.8 |      59 |      14 |  19.2
    Snake:4 |   21389 |   37537 |  63.7 |      37 |      66 |  64.1
    Slime:1 |    4501 |       0 |   0.0 |       9 |       0 |   0.0
    Slime:2 |    4605 |     587 |  11.3 |      16 |       3 |  15.8
    Slime:3 |    3374 |       0 |   0.0 |      11 |       0 |   0.0
    Slime:5 |   20186 |   35080 |  63.5 |      27 |      17 |  38.6
      Orc:1 |    2744 |       0 |   0.0 |      27 |       0 |   0.0
      Orc:2 |    3204 |   11938 |  78.8 |      45 |      40 |  47.1
      Elf:1 |    9483 |    8346 |  46.8 |      14 |      16 |  53.3
      Elf:2 |   18537 |   20804 |  52.9 |      28 |      27 |  49.1
      Elf:3 |   28870 |   39913 |  58.0 |      44 |      35 |  44.3
   Vaults:1 |    8714 |   36616 |  80.8 |      29 |      61 |  67.8
   Vaults:2 |   23822 |   17754 |  42.7 |      66 |      22 |  25.0
   Vaults:3 |   39973 |   27003 |  40.3 |      63 |      45 |  41.7
   Vaults:4 |   43988 |   52616 |  54.5 |      61 |      54 |  47.0
   Vaults:5 |   50874 |  155406 |  75.3 |      52 |     106 |  67.1
    Crypt:1 |   16123 |       0 |   0.0 |      23 |       0 |   0.0
    Crypt:2 |    8364 |       0 |   0.0 |      18 |       0 |   0.0
    Crypt:3 |   21746 |   35064 |  61.7 |      30 |      74 |  71.2
     Tomb:1 |   32186 |  165274 |  83.7 |      60 |      54 |  47.4
     Tomb:2 |   11401 |   51008 |  81.7 |      32 |      51 |  61.4
     Tomb:3 |   13605 |  106601 |  88.7 |      34 |      73 |  68.2
   Depths:1 |   46383 |       0 |   0.0 |      69 |       0 |   0.0
   Depths:2 |   22409 |   14118 |  38.7 |      31 |      12 |  27.9
   Depths:3 |   38247 |   11837 |  23.6 |      43 |      22 |  33.8
   Depths:4 |    3075 |       0 |   0.0 |       3 |       0 |   0.0
   Depths:5 |    3981 |   82343 |  95.4 |       4 |      78 |  95.1
       Hell |   44581 |   27995 |  38.6 |      77 |      37 |  32.5
      Dis:1 |    6871 |       0 |   0.0 |      15 |       0 |   0.0
      Dis:2 |    9616 |       0 |   0.0 |      21 |       0 |   0.0
      Dis:3 |   21438 |       0 |   0.0 |      17 |       0 |   0.0
      Dis:4 |    1219 |       0 |   0.0 |       4 |       0 |   0.0
      Dis:5 |    8067 |       0 |   0.0 |      14 |       0 |   0.0
      Dis:7 |    7311 |   40238 |  84.6 |      19 |      32 |  62.7
      Geh:1 |   14437 |       0 |   0.0 |      45 |       0 |   0.0
      Geh:2 |   22385 |       0 |   0.0 |      52 |       0 |   0.0
      Geh:3 |    1177 |       0 |   0.0 |       6 |       0 |   0.0
      Geh:4 |    8561 |       0 |   0.0 |      15 |       0 |   0.0
      Geh:5 |    2052 |       0 |   0.0 |       9 |       0 |   0.0
      Geh:6 |   18663 |       0 |   0.0 |      27 |       0 |   0.0
      Geh:7 |   30939 |   42390 |  57.8 |      64 |      28 |  30.4
      Coc:1 |    2349 |       0 |   0.0 |       7 |       0 |   0.0
      Coc:2 |    5479 |       0 |   0.0 |      24 |       0 |   0.0
      Coc:5 |    4623 |       0 |   0.0 |      12 |       0 |   0.0
      Coc:7 |   38243 |   80871 |  67.9 |      50 |      62 |  55.4
      Tar:1 |     219 |       0 |   0.0 |       1 |       0 |   0.0
      Tar:4 |   18808 |       0 |   0.0 |      29 |       0 |   0.0
      Tar:5 |    6782 |       0 |   0.0 |       9 |       0 |   0.0
      Tar:6 |     720 |       0 |   0.0 |       2 |       0 |   0.0
      Tar:7 |   30796 |   79151 |  72.0 |      31 |      62 |  66.7
      Zot:1 |   18114 |   16008 |  46.9 |       9 |      12 |  57.1
      Zot:2 |   42132 |       0 |   0.0 |      26 |       0 |   0.0
      Zot:3 |   33128 |    5296 |  13.8 |      17 |       2 |  10.5
      Zot:4 |   49463 |   25132 |  33.7 |      35 |      10 |  22.2
      Zot:5 |   89697 |  135118 |  60.1 |      53 |      43 |  44.8
    Abyss:1 |   19012 |       0 |   0.0 |      45 |       0 |   0.0
    Abyss:2 |    7206 |       0 |   0.0 |      16 |       0 |   0.0
    Abyss:3 |    2433 |   16604 |  87.2 |       1 |      15 |  93.8
    Abyss:4 |    4335 |       0 |   0.0 |      14 |       0 |   0.0
        Pan |  206822 |  326048 |  61.2 |     243 |     276 |  53.2
      IceCv |       0 |   10479 | 100.0 |       0 |      52 | 100.0
   Gauntlet |       0 |    2751 | 100.0 |       0 |       6 | 100.0
            +---------+---------+-------+---------+---------+-------
